Workbook
Name dd_cyklus: #REF!
Name dd_oneoff: #REF!

Sheet Summary indicators
A1: 76th meeting of the Macroeconomic Forecast Committee, September 15 2026
A2: Summary indicators
A3: percentual change unless otherwise noted
A4: Compulsory indicators | J4: Q-o-Q changes | N4: YoY changes
C7: 2024 | D7: 2025 | E7: 2026 | F7: 2027 | G7: 2028 | H7: 2029 | I7: 2030 | J7: 2026 | K7: 2026 | L7: 2026 | M7: 2027 | N7: 2026 | O7: 2026 | P7: 2026 | Q7: 2027
C8: actual | D8: actual | E8: forecast | F8: forecast | G8: forecast | H8: forecast | I8: forecast | J8: Q2 | K8: Q3 | L8: Q4 | M8: Q1 | N8: Q2 | O8: Q3 | P8: Q4 | Q8: Q1
B10: Real economy
A11: * | B11: Gross domestic product, constant prices | C11: 1.9386745 | D11: 0.80741869 | E11: 0.76068682 | F11: 1.8131466 | G11: 1.5719106 | H11: 2.0659224 | I11: 2.0595669 | J11: 0.20655736 | K11: 0.25 | L11: -0.3 | M11: 0.81934201 | N11: 0.8245109 | O11: 0.95312724 | P11: 0.4085046 | Q11: 0.94333816
A12: * | B12: Private consumption, constant prices | C12: 3.5088675 | D12: 0.23503134 | E12: 0.52441089 | F12: 1.3910432 | G12: 0.53919251 | H12: 0.98941994 | I12: 1.2836316 | J12: 0.036323657 | K12: 0.2 | L12: 0.15 | M12: 0.5744962 | N12: 0.55315136 | O12: 0.15557251 | P12: 0.53187426 | Q12: 0.95534529
B13: Gross fixed capital production, constant prices | C13: 1.6487226 | D13: 2.2243963 | E13: -0.095118208 | F13: -0.97419224 | G13: 1.4668112 | H13: 3.0975273 | I13: 2.2723631 | J13: 7.8332349 | K13: 4.4396872 | L13: -8.296068 | M13: 1.0891191 | N13: -0.32888447 | O13: 7.6512811 | P13: -2.6296366 | Q13: 4.6532301
B14: Public consumption, constant prices | C14: 3.9699869 | D14: 1.105816 | E14: 0.57865196 | F14: 0.73182176 | G14: -0.25079759 | H14: 0.59363488 | I14: 0.82220575 | J14: 0.47797938 | K14: 0.12893819 | L14: -0.72984288 | M14: 0.49888892 | N14: 1.6723424 | O14: 0.9486693 | P14: 0.13034078 | Q14: 0.25376919
B15: Export of goods and services, constant prices | C15: 0.022404902 | D15: 3.9827467 | E15: 3.0575248 | F15: 4.1789262 | G15: 3.250876 | H15: 2.7590175 | I15: 2.5648318 | J15: 2.1301316 | K15: 0.1313501 | L15: 0.06419086 | M15: 1.7937905 | N15: 2.9847453 | O15: 5.6343573 | P15: 3.7549616 | Q15: 4.1550542
B16: Import of goods and services, constant prices | C16: 2.6007971 | D16: 3.7126599 | E16: 3.2203074 | F16: 3.329093 | G16: 2.5906314 | H16: 2.3682236 | I16: 2.2134444 | J16: 2.7828903 | K16: -0.1360392 | L16: -0.54898982 | M16: 1.7574645 | N16: 3.6596032 | O16: 6.577885 | P16: 3.9830424 | Q16: 3.8457646
B18: Nominal activity
A19: * | B19: Gross domestic product, current prices | C19: 5.3981644 | D19: 5.0279677 | E19: 5.2560072 | F19: 4.6686889 | G19: 4.3089338 | H19: 4.296625 | I19: 3.9785851 | J19: 0.9798118 | K19: 0.83760973 | L19: 0.85922274 | M19: 1.4647325 | N19: 5.0052836 | O19: 5.0014251 | P19: 4.4615243 | Q19: 4.1894484
A20: * | B20: Private consumption, current prices | C20: 6.5775849 | D20: 4.4205284 | E20: 4.2565703 | F20: 4.2755565 | G20: 4.1660787 | H20: 3.2080104 | I20: 3.1289854 | J20: 1.0025086 | K20: 0.5747755 | L20: 1.1534393 | M20: 1.4715686 | N20: 4.6123978 | O20: 3.6102212 | P20: 4.1216437 | Q20: 4.2673729
B22: Nominal production
B23: Gross domestic product, bn EUR | C23: 130.20752 | D23: 136.75431 | E23: 143.94213 | F23: 150.66234 | G23: 157.15428 | H23: 163.90661 | I23: 170.42777 | J23: - | K23: - | L23: - | M23: - | N23: - | O23: - | P23: - | Q23: -
B25: Employment
A26: * | B26: Employment (stat. evidence) | C26: -0.23291165 | D26: -0.16591083 | E26: -0.13023781 | F26: 0.054465469 | G26: -0.21020319 | H26: -0.13968653 | I26: -0.15296221 | J26: 0.00058823993 | K26: 0.04 | L26: -0.02 | M26: 0.22094591 | N26: -0.23717801 | O26: -0.018306414 | P26: -0.037302274 | Q26: 0.24195091
B27: Employment (ESA) | C27: -0.15480321 | D27: -0.13302939 | E27: 0.015920763 | F27: 0.051635804 | G27: -0.20540327 | H27: -0.13732897 | I27: -0.15037705 | J27: 0.12430811 | K27: 0 | L27: -0.04 | M27: 0.21807099 | N27: 0.04762927 | O27: 0.10277272 | P27: -0.017511995 | Q27: 0.30273119
B29: Average wage
A30: * | B30: Nominal average wage | C30: 6.5734266 | D30: 6.2992126 | E30: 4.5061728 | F30: 4.3709392 | G30: 4.4142615 | H30: 4.2818428 | I30: 4.002079 | J30: 0.58120302 | K30: 1.04 | L30: 1.04 | M30: 1.3187803 | N30: 3.2043531 | O30: 4.5333325 | P30: 4.2047898 | Q30: 4.031033
B31: Real average wage | C31: =100*((1+ROUND(C30,1)/100)/(1+ROUND(C38,1)/100)-1) -> 3.6964981 | D31: =100*((1+ROUND(D30,1)/100)/(1+ROUND(D38,1)/100)-1) -> 2.2115385 | E31: =100*((1+E30/100)/(1+E38/100)-1) -> 0.81119523 | F31: =100*((1+F30/100)/(1+F38/100)-1) -> 1.4277817 | G31: =100*((1+G30/100)/(1+G38/100)-1) -> 0.034358998 | H31: =100*((1+H30/100)/(1+H38/100)-1) -> 1.969461 | I31: =100*((1+I30/100)/(1+I38/100)-1) -> 1.8674887 | J31: =100*((1+J30/100)/(1+J38/100)-1) -> -0.29302977 | K31: =100*((1+K30/100)/(1+K38/100)-1) -> 0.34467715 | L31: =100*((1+L30/100)/(1+L38/100)-1) -> 0.078218599 | M31: =100*((1+M30/100)/(1+M38/100)-1) -> 0.45417732 | N31: =100*((1+ROUND(N30,1)/100)/(1+ROUND(N38,1)/100)-1) -> -0.48216008 | O31: =100*((1+ROUND(O30,1)/100)/(1+ROUND(O38,1)/100)-1) -> 1.1616651 | P31: =100*((1+ROUND(P30,1)/100)/(1+ROUND(P38,1)/100)-1) -> 0.28873917 | Q31: =100*((1+ROUND(Q30,1)/100)/(1+ROUND(Q38,1)/100)-1) -> 0.67763795
B33: Unemployment
B34: Unemployment rate (LFS) | C34: 5.3352155 | D34: 5.4176358 | E34: 5.7568532 | F34: 5.7703088 | G34: 5.7111773 | H34: 5.4832211 | I34: 5.3705318 | J34: 5.6876116 | K34: 5.7393607 | L34: 5.8408878 | M34: 5.6098587 | N34: - | O34: - | P34: - | Q34: -
B35: No. of unemployed (LFS, thousands) | C35: 147.704 | D35: 149.537 | E35: 158.55797 | F35: 158.24857 | G35: 155.80307 | H35: 148.73126 | I35: 145.0024 | J35: -1.4461451 | K35: 0.81380784 | L35: 1.6851252 | M35: -4.0873933 | N35: 5.7732244 | O35: 4.3012128 | P35: 3.8040678 | Q35: -3.0674747
B37: Price inflation
B38: Consumer price index (CPI) | C38: 2.7651791 | D38: 3.9913253 | E38: 3.6652453 | F38: 2.9017272 | G38: 4.3783981 | H38: 2.2677199 | I38: 2.0954578 | J38: 0.87680208 | K38: 0.69293447 | L38: 0.9610297 | M38: 0.86069387 | N38: 3.7333333 | O38: 3.3395031 | P38: 3.8557786 | Q38: 3.3187135
B41: Weighted bases for budget revenues | C41: =$C$59*C26+$C$59*C30+$C$60*C20+$C$61*C12+$C$62*C19+$C$63*C11 -> 5.9629626 | D41: =$C$59*D26+$C$59*D30+$C$60*D20+$C$61*D12+$C$62*D19+$C$63*D11 -> 5.0884608 | E41: =$C$59*E26+$C$59*E30+$C$60*E20+$C$61*E12+$C$62*E19+$C$63*E11 -> 4.1006347 | F41: =$C$59*F26+$C$59*F30+$C$60*F20+$C$61*F12+$C$62*F19+$C$63*F11 -> 4.1586218 | G41: =$C$59*G26+$C$59*G30+$C$60*G20+$C$61*G12+$C$62*G19+$C$63*G11 -> 3.92219 | H41: =$C$59*H26+$C$59*H30+$C$60*H20+$C$61*H12+$C$62*H19+$C$63*H11 -> 3.6960629 | I41: =$C$59*I26+$C$59*I30+$C$60*I20+$C$61*I12+$C$62*I19+$C$63*I11 -> 3.49137 | J41: - | K41: - | L41: - | M41: - | N41: - | O41: - | P41: - | Q41: -
B44: Households
B45: Gross disposable income | C45: 7.67509 | D45: 3.0180859 | E45: 3.5190922 | F45: 4.5111112 | G45: 3.4793192 | H45: 3.5876482 | I45: 3.3896231 | J45: 1.0957027 | K45: 0.27904137 | L45: 1.223074 | M45: 1.4926151 | N45: 3.9119864 | O45: 4.151985 | P45: 3.1456775 | Q45: 4.0697075
B46: Saving rate (% of disposable income) | C46: 8.0677381 | D46: 7.0700625 | E46: 6.5818642 | F46: 6.7645302 | G46: 6.159159 | H46: 6.5210026 | I46: 6.7694019 | J46: 6.9796235 | K46: 6.4287219 | L46: 6.4890519 | M46: 6.5125347 | N46: - | O46: - | P46: - | Q46: -
B48: Supply side
B49: Potential output | C49: 1.9297566 | D49: 1.8767727 | E49: 2.0407902 | F49: 1.8254715 | G49: 1.7614323 | H49: 1.7745862 | I49: 1.823889 | J49: 0.40217522 | K49: 0.47449285 | L49: 0.50352492 | M49: 0.43260549 | N49: 2.0420502 | O49: 1.9907926 | P49: 1.9797383 | Q49: 1.8251288
B50: Output gap (% of pot. output) | C50: 0.58037919 | D50: -0.4753672 | E50: -1.7239054 | F50: -1.7358007 | G50: -1.9188092 | H50: -1.6380456 | I50: -1.4103805 | J50: -1.4631702 | K50: -1.6833337 | L50: -2.4693747 | M50: -2.0938128 | N50: - | O50: - | P50: - | Q50: -
B52: External sector
B53: Gross domestic product, Eurozone | C53: ='External environment'!S$13 -> 1.2 | D53: ='External environment'!T$13 -> 1.2 | E53: ='External environment'!U$13 -> 0.93739477 | F53: ='External environment'!V$13 -> 1.4277998 | G53: ='External environment'!W$13 -> 1.3532136 | H53: ='External environment'!X$13 -> 1.4477947 | I53: ='External environment'!Y$13 -> 1.4477947 | J53: 0.44196948 | K53: 0.4 | L53: 0.3 | M53: 0.3 | N53: 0.94596435 | O53: 1.0341149 | P53: 1.1408815 | Q53: 1.4497074
B54: Inflation, Eurozone (HICP) | C54: ='External environment'!S$14 -> 2.3669254 | D54: ='External environment'!T$14 -> 2.1357603 | E54: ='External environment'!U$14 -> 2.9 | F54: ='External environment'!V$14 -> 2.4 | G54: ='External environment'!W$14 -> 2.1 | H54: ='External environment'!X$14 -> 2 | I54: ='External environment'!Y$14 -> 1.99486
A57: * | B57: Macroeconomic bases for budget revenues (weights of indicators depend on share of individual taxes on total revenue)
B59: Wage base (employment + nominal wages) | C59: 0.55882742
B60: Nominal private consumption | C60: 0.24365496
B61: Real private consumption | C61: 0.042278325
B62: Nominal GDP | C62: 0.10629899
B63: Real GDP | C63: 0.048940304

Sheet External environment
A1: ='Summary indicators'!A1:Q1 -> 76th meeting of the Macroeconomic Forecast Committee, September 15 2026
A2: External environment and financial sector
A3: percentual change unless otherwise noted
C5: 2008 | D5: 2009 | E5: 2010 | F5: 2011 | G5: 2012 | H5: 2013 | I5: 2014 | J5: 2015 | K5: 2016 | L5: 2017 | M5: 2018 | N5: 2019 | O5: 2020 | P5: 2021 | Q5: 2022 | R5: 2023 | S5: 2024 | T5: 2025 | U5: 2026 | V5: 2027 | W5: 2028 | X5: 2029 | Y5: 2030
C6: actual | D6: actual | E6: actual | F6: actual | G6: actual | H6: actual | I6: actual | J6: actual | K6: actual | L6: actual | M6: actual | N6: actual | O6: actual | P6: actual | Q6: actual | R6: actual | S6: actual | T6: actual | U6: forecast | V6: forecast | W6: forecast | X6: forecast | Y6: forecast
A8: * | B8: External demand (weighted GDP) | C8: 1.3642364 | D8: -3.8107016 | E8: 11.121586 | F8: 2.6360359 | G8: -0.19813778 | H8: 0.30901558 | I8: 2.3535495 | J8: 2.940823 | K8: 2.1990102 | L8: 3.5879943 | M8: 2.5749142 | N8: 2.2405339 | O8: -5.0379765 | P8: 5.6597439 | Q8: 3.7969814 | R8: -0.015885641 | S8: 0.89940018 | T8: 1.4388423 | U8: 1.4184104 | V8: 1.6036379 | W8: 1.8995405 | X8: 1.9153729 | Y8: 1.9184964
A10: * | B10: External demand (weighted imports) | C10: 2.3617303 | D10: -10.617007 | E10: 10.132834 | F10: 5.5396041 | G10: -0.37820348 | H10: 1.4701451 | I10: 6.387345 | J10: 6.2853698 | K10: 4.1221705 | L10: 6.2877704 | M10: 5.0193543 | N10: 3.577248 | O10: -7.9812306 | P10: 10.94325 | Q10: 8.3975514 | R10: -1.4296529 | S10: 0.17682226 | T10: 3.6359658 | U10: 2.8280488 | V10: 2.6961603 | W10: 3.0888736 | X10: 2.8724816 | Y10: 2.8249211
B12: Gross domestic product, Germany | C12: 0.9 | D12: -5.6 | E12: 4.1 | F12: 3.8 | G12: 0.5 | H12: 0.5 | I12: 2.2 | J12: 1.8 | K12: 2.3 | L12: 2.9 | M12: 1.2 | N12: 1.1 | O12: -4 | P12: 4 | Q12: 1.9 | R12: -1 | S12: 0 | T12: 0.2 | U12: 0.99094303 | V12: 1.0227189 | W12: 1.2782463 | X12: 1.1005766 | Y12: 1.1043478
B13: Gross domestic product, Eurozone | C13: 0.4 | D13: -4.4 | E13: 2.1 | F13: 1.7 | G13: -1 | H13: -0.2 | I13: 1.5 | J13: 2.1 | K13: 1.8 | L13: 2.6 | M13: 1.8 | N13: 1.6 | O13: -6 | P13: 6.4 | Q13: 3.7 | R13: 0.4 | S13: 1.2 | T13: 1.2 | U13: 0.93739477 | V13: 1.4277998 | W13: 1.3532136 | X13: 1.4477947 | Y13: 1.4477947
B14: Inflation, Eurozone (HICP) | C14: 3.3 | D14: 0.3 | E14: 1.6 | F14: 2.7 | G14: 2.5 | H14: 1.3 | I14: 0.4 | J14: 0.2 | K14: 0.2 | L14: 1.5392641 | M14: 1.7532054 | N14: 1.1974833 | O14: 0.255999 | P14: 2.5877505 | Q14: 8.3647489 | R14: 5.4 | S14: 2.3669254 | T14: 2.1357603 | U14: 2.9 | V14: 2.4 | W14: 2.1 | X14: 2 | Y14: 1.99486
B16: EURIBOR 3M (average) | C16: 4.6342327 | D16: 1.2283497 | E16: 0.81095031 | F16: 1.3905997 | G16: 0.57318109 | H16: 0.22066122 | I16: 0.20994567 | J16: -0.0193825 | K16: -0.26369566 | L16: -0.32905612 | M16: -0.32209296 | N16: -0.35631935 | O16: -0.42515962 | P16: -0.54875629 | Q16: 0.34155542 | R16: 3.4324286 | S16: 3.571515 | T16: 2.1792615 | U16: 2.1548675 | V16: 2.9513919 | W16: 3.0998502 | X16: 3.1409039 | Y16: 3.1706859
B17: ECB key rate (average) | C17: 3.8541667 | D17: 1.2291667 | E17: 1 | F17: 1.25 | G17: 0.875 | H17: 0.54166667 | I17: 0.15833333 | J17: 0.05 | K17: 0.0083333333 | L17: 0 | M17: 0 | N17: 0 | O17: 0 | P17: 0 | Q17: 0.57701613 | R17: 3.8025538 | S17: 4.1330152 | T17: 2.4117576 | U17: 2.3394756 | V17: 2.8893669 | W17: 3.0299343 | X17: 3.0696898 | Y17: 3.0986225
B19: 10 year bond yields SK (average) | C19: 4.6087126 | D19: 4.9276557 | E19: 4.1231193 | F19: 4.7745187 | G19: 3.9359903 | H19: 2.9067827 | I19: 2.1738355 | J19: 0.91065391 | K19: 0.58498612 | L19: 0.98035223 | M19: 0.96543572 | N19: 0.32305213 | O19: 0.062895657 | P19: -0.060742534 | Q19: 2.0283489 | R19: 3.6737792 | S19: 3.4779861 | T19: 3.4911425 | U19: 3.800349 | V19: 3.854985 | W19: 3.8574412 | X19: 3.8581779 | Y19: 3.8587744
B20: 10 year bond yields DE (average) | C20: 4.1854322 | D20: 3.6048257 | E20: 3.0118345 | F20: 2.8416613 | G20: 1.6847381 | H20: 1.6985598 | I20: 1.3077586 | J20: 0.55007384 | K20: 0.11484594 | L20: 0.38550352 | M20: 0.48243286 | N20: -0.21688163 | O20: -0.48420785 | P20: -0.33760702 | Q20: 1.1675121 | R20: 2.4546536 | S20: 2.3412109 | T20: 2.657719 | U20: 3.1328915 | V20: 3.1456708 | W20: 3.1640927 | X20: 3.1696179 | Y20: 3.1740918
B22: Oil price (€ per barrel) | C22: 65.984962 | D22: 44.524582 | E22: 60.525422 | F22: 79.620197 | G22: 86.785086 | H22: 81.872996 | I22: 74.583304 | J22: 48.309481 | K22: 40.728176 | L22: 48.567369 | M22: 60.634645 | N22: 57.332828 | O22: 37.840723 | P22: 59.962162 | Q22: 93.9933 | R22: 75.237993 | S22: 73.808335 | T22: 60.643158 | U22: 75.127638 | V22: 66.336875 | W22: 61.580774 | X22: 59.374213 | Y22: 58.159808
B24: Exchange rate, units $ per € (average) | C24: 1.4710045 | D24: 1.3940793 | E24: 1.3271961 | F24: 1.3922486 | G24: 1.2864059 | H24: 1.3284606 | I24: 1.3289352 | J24: 1.1104219 | K24: 1.1068564 | L24: 1.1296893 | M24: 1.1811922 | N24: 1.1194735 | O24: 1.141447 | P24: 1.1833247 | Q24: 1.0539325 | R24: 1.0816933 | S24: 1.0818977 | T24: 1.129931 | U24: 1.1601901 | V24: 1.179375 | W24: 1.1954167 | X24: 1.208125 | Y24: 1.215
B26: Nominal effective exchange rate | C26: -3.6206637 | D26: -7.0928545 | E26: 1.8331555 | F26: 0.42232621 | G26: -1.261715 | H26: -1.6594156 | I26: -2.3518398 | J26: 0.28872172 | K26: -0.11092558 | L26: 0.75632986 | M26: 0.46156051 | N26: -0.22154758 | O26: -1.5721116 | P26: 0.560829 | Q26: 0.61846654 | R26: 1.0521174 | S26: -1.153478 | T26: 0.68003863 | U26: 0.90175391 | V26: 0.51648468 | W26: -0.00047826703 | X26: 0 | Y26: 0
B28: EUR/USD, end of year | C28: 1.3535957 | D28: 1.4568957 | E28: 1.3226957 | F28: 1.3149045 | G28: 1.3126762 | H28: 1.3703 | I28: 1.2306739 | J28: 1.0898652 | K28: 1.0538045 | L28: 1.1837476 | M28: 1.1376095 | N28: 1.1113955 | O28: 1.2172522 | P28: 1.1306826 | Q28: 1.0590227 | R28: 1.0918381 | S28: 1.0463045 | T28: 1.1715696 | U28: 1.16 | V28: 1.19 | W28: 1.2 | X28: 1.215 | Y28: 1.215
B29: EUR/CZK, end of year | C29: 26.138217 | D29: 26.10713 | E29: 25.157174 | F29: 25.525409 | G29: 25.187333 | H29: 27.495864 | I29: 27.63487 | J29: 27.029304 | K29: 27.028773 | L29: 25.66281 | M29: 25.837667 | N29: 25.486 | O29: 26.298087 | P29: 25.23 | Q29: 24.259818 | R29: 24.484667 | S29: 25.123136 | T29: 24.257696 | U29: 24.15 | V29: 24 | W29: 24 | X29: 24 | Y29: 24
... B36: Interest rate on deposits (%) | C36: 2.1359609 | D36: 1.1832958 | E36: 0.94715332 | F36: 1.1651146 | G36: 1.2080151 | H36: 0.98574118 | I36: 0.77154399 | J36: 0.58468775 | K36: 0.41965 | L36: 0.27139167 | M36: 0.21136667 | N36: 0.177875 | O36: 0.13440833 | P36: 0.099233333 | Q36: 0.12 | R36: 0.6575 | S36: 0.99833333 | T36: 0.73583333 | U36: 0.75607424 | V36: 0.84688531 | W36: 0.86369317 | X36: 0.86971363 | Y36: 0.87550776
A39: * | B39: Weighted average of growth of most important trading partners: Eurozone, Czechia, Hungary, Poland

Sheet Gross domestic product
A1: ='Summary indicators'!A1:Q1 -> 76th meeting of the Macroeconomic Forecast Committee, September 15 2026
A2: Gross domestic product
A3: percentual change unless otherwise noted
C5: 2008 | D5: 2009 | E5: 2010 | F5: 2011 | G5: 2012 | H5: 2013 | I5: 2014 | J5: 2015 | K5: 2016 | L5: 2017 | M5: 2018 | N5: 2019 | O5: 2020 | P5: 2021 | Q5: 2022 | R5: 2023 | S5: 2024 | T5: 2025 | U5: 2026 | V5: 2027 | W5: 2028 | X5: 2029 | Y5: 2030
C6: actual | D6: actual | E6: actual | F6: actual | G6: actual | H6: actual | I6: actual | J6: actual | K6: actual | L6: actual | M6: actual | N6: actual | O6: actual | P6: actual | Q6: actual | R6: actual | S6: actual | T6: actual | U6: forecast | V6: forecast | W6: forecast | X6: forecast | Y6: forecast
B8: GDP in constant prices
B10: GDP (bn €) | C10: 75.852819 | D10: 71.676865 | E10: 76.544141 | F10: 78.505527 | G10: 79.737413 | H10: 80.298225 | I10: 82.472662 | J10: 86.742172 | K10: 88.431752 | L10: 90.973929 | M10: 94.669399 | N10: 96.823979 | O10: 94.320583 | P10: 99.655222 | Q10: 100.19794 | R10: 102.31475 | S10: 104.2983 | T10: 105.14043 | U10: 105.94022 | V10: 107.86107 | W10: 109.55655 | X10: 111.8199 | Y10: 114.12291
B11: growth | C11: 5.3633772 | D11: -5.5053379 | E11: 6.7905816 | F11: 2.5624247 | G11: 1.569171 | H11: 0.70332355 | I11: 2.7079515 | J11: 5.1768791 | K11: 1.9478184 | L11: 2.8747333 | M11: 4.0621198 | N11: 2.2758991 | O11: -2.5855124 | P11: 5.6558588 | Q11: 0.54459163 | R11: 2.1126363 | S11: 1.9386745 | T11: 0.80741869 | U11: 0.76068682 | V11: 1.8131466 | W11: 1.5719106 | X11: 2.0659224 | Y11: 2.0595669
B12: Households' consumption (bn €) | C12: 43.414641 | D12: 43.408972 | E12: 43.953911 | F12: 43.155455 | G12: 43.38816 | H12: 42.671632 | I12: 43.440748 | J12: 44.856675 | K12: 46.50433 | L12: 49.369723 | M12: 51.399027 | N12: 52.89131 | O12: 53.280308 | P12: 54.88409 | Q12: 57.526418 | R12: 55.705823 | S12: 57.802521 | T12: 58.022144 | U12: 58.363037 | V12: 59.175077 | W12: 59.494144 | X12: 60.082791 | Y12: 60.854033
B13: growth | C13: 7.1359367 | D13: -0.013057807 | E13: 1.2553603 | F13: -1.8165755 | G13: 0.53922499 | H13: -1.6514367 | I13: 1.8024059 | J13: 3.2594443 | K13: 3.6731546 | L13: 6.1615617 | M13: 4.1104221 | N13: 2.9033293 | O13: 0.73546675 | P13: 3.010084 | Q13: 4.8143788 | R13: -3.1647981 | S13: 3.7638758 | T13: 0.37995402 | U13: 0.58752251 | V13: 1.391359 | W13: 0.53919251 | X13: 0.98941994 | Y13: 1.2836316
B14: NPISHs' consumption (bn €) | C14: 0.627992 | D14: 0.641717 | E14: 0.668775 | F14: 0.692477 | G14: 0.711891 | H14: 0.732431 | I14: 1.083652 | J14: 1.090314 | K14: 1.111527 | L14: 1.067494 | M14: 1.119102 | N14: 1.097645 | O14: 0.924878 | P14: 0.983869 | Q14: 1.093916 | R14: 1.204024 | S14: 1.10324 | T14: 1.023442 | U14: 0.99376818 | V14: 1.0074124 | W14: 1.0128443 | X14: 1.0228656 | Y14: 1.0359954
B15: growth | C15: -0.018308982 | D15: 2.1855374 | E15: 4.2165004 | F15: 3.5440918 | G15: 2.8035588 | H15: 2.8852732 | I15: 47.952776 | J15: 0.61477301 | K15: 1.9455863 | L15: -3.9614872 | M15: 4.8345002 | N15: -1.9173409 | O15: -15.739788 | P15: 6.3782466 | Q15: 11.185127 | R15: 10.065489 | S15: -8.3705973 | T15: -7.233059 | U15: -2.8994141 | V15: 1.3729764 | W15: 0.53919251 | X15: 0.98941994 | Y15: 1.2836316
B16: Public consumption (bn €) | C16: 16.330107 | D16: 17.258759 | E16: 17.637765 | F16: 17.102753 | G16: 17.036776 | H16: 17.254799 | I16: 17.797467 | J16: 18.706494 | K16: 19.155779 | L16: 19.354054 | M16: 19.307911 | N16: 20.221116 | O16: 20.035183 | P16: 20.777176 | Q16: 20.174519 | R16: 19.667974 | S16: 20.44879 | T16: 20.674916 | U16: 20.794552 | V16: 20.946731 | W16: 20.894197 | X16: 21.018232 | Y16: 21.191045
B17: growth | C17: 5.8607992 | D17: 5.6867478 | E17: 2.1960212 | F17: -3.0333322 | G17: -0.3857683 | H17: 1.2797198 | I17: 3.1450265 | J17: 5.1076201 | K17: 2.4017595 | L17: 1.0350662 | M17: -0.23841517 | N17: 4.7296934 | O17: -0.9194992 | P17: 3.7034501 | Q17: -2.9005722 | R17: -2.5108157 | S17: 3.9699869 | T17: 1.105816 | U17: 0.57865196 | V17: 0.73182176 | W17: -0.25079759 | X17: 0.59363488 | Y17: 0.82220575
B18: Gross fixed capital formation (bn €) | C18: 18.771064 | D18: 15.144048 | E18: 16.386861 | F18: 18.54551 | G18: 16.663589 | H18: 16.892633 | I18: 17.364888 | J18: 20.93762 | K18: 19.007017 | L18: 19.017798 | M18: 19.664649 | N18: 20.648779 | O18: 18.657522 | P18: 19.601368 | Q18: 20.452511 | R18: 21.26798 | S18: 21.61863 | T18: 22.099514 | U18: 22.078493 | V18: 21.863406 | W18: 22.184101 | X18: 22.87126 | Y18: 23.390978
B19: growth | C19: 3.4068163 | D19: -19.322378 | E19: 8.2066103 | F19: 13.173048 | G19: -10.147583 | H19: 1.3745178 | I19: 2.7956269 | J19: 20.57446 | K19: -9.2207376 | L19: 0.056721157 | M19: 3.4012928 | N19: 5.0045643 | O19: -9.6434612 | P19: 5.0587961 | Q19: 4.3422633 | R19: 3.9871339 | S19: 1.6487226 | T19: 2.2243963 | U19: -0.095118208 | V19: -0.97419224 | W19: 1.4668112 | X19: 3.0975273 | Y19: 2.2723631
B20: Export of goods and services (bn €) | C20: 52.959695 | D20: 44.2936 | E20: 52.282728 | F20: 57.557808 | G20: 62.858977 | H20: 66.24175 | I20: 68.428551 | J20: 73.049134 | K20: 76.630353 | L20: 79.420994 | M20: 83.770425 | N20: 84.906817 | O20: 79.510689 | P20: 87.987373 | Q20: 90.423525 | R20: 89.815165 | S20: 89.835288 | T20: 93.4132 | U20: 96.269332 | V20: 100.29236 | W20: 103.55274 | X20: 106.40977 | Y20: 109.13901
B21: growth | C21: 3.008149 | D21: -16.363567 | E21: 18.036755 | F21: 10.089527 | G21: 9.2101648 | H21: 5.3815273 | I21: 3.3012428 | J21: 6.7524198 | K21: 4.9024797 | L21: 3.6416914 | M21: 5.4764248 | N21: 1.3565551 | O21: -6.3553531 | P21: 10.661062 | Q21: 2.7687518 | R21: -0.67278952 | S21: 0.022404902 | T21: 3.9827467 | U21: 3.0575248 | V21: 4.1789262 | W21: 3.250876 | X21: 2.7590175 | Y21: 2.5648318
... B23: growth | C23: 4.1371614 | D23: -18.761508 | E23: 17.600647 | F23: 7.1887977 | G23: 2.2104462 | H23: 5.0228719 | I23: 4.0832801 | J23: 9.1385565 | K23: 4.6469757 | L23: 3.7914461 | M23: 5.0275352 | N23: 2.3567029 | O23: -7.9031497 | P23: 11.650255 | Q23: 4.1279728 | R23: -7.678811 | S23: 2.6007971 | T23: 3.7126599 | U23: 3.2203074 | V23: 3.329093 | W23: 2.5906314 | X23: 2.3682236 | Y23: 2.2134444
B26: GDP in current prices
B28: GDP (bn €) | C28: 68.556645 | D28: 64.055141 | E28: 68.726722 | F28: 71.629533 | G28: 73.727607 | H28: 74.642671 | I28: 76.5623 | J28: 80.376307 | K28: 81.621573 | L28: 84.96037 | M28: 90.275851 | N28: 94.547484 | O28: 94.320583 | P28: 101.89157 | Q28: 109.95976 | R28: 123.5387 | S28: 130.20752 | T28: 136.75431 | U28: 143.94213 | V28: 150.66234 | W28: 157.15428 | X28: 163.90661 | Y28: 170.42777
B29: growth | C29: 8.508856 | D29: -6.5661089 | E29: 7.2930618 | F29: 4.2237006 | G29: 2.9290628 | H29: 1.2411416 | I29: 2.5717582 | J29: 4.9815732 | K29: 1.5492949 | L29: 4.0905815 | M29: 6.256424 | N29: 4.731756 | O29: -0.23998629 | P29: 8.0268651 | Q29: 7.9184059 | R29: 12.34901 | S29: 5.3981644 | T29: 5.0279677 | U29: 5.2560072 | V29: 4.6686889 | W29: 4.3089338 | X29: 4.296625 | Y29: 3.9785851
B30: Households' consumption (bn €) | C30: 36.996112 | D30: 37.004756 | E30: 37.833258 | F30: 38.578481 | G30: 40.113717 | H30: 39.960461 | I30: 40.637881 | J30: 41.901202 | K30: 43.296391 | L30: 46.439745 | M30: 49.239615 | N30: 51.811626 | O30: 53.280308 | P30: 56.637432 | Q30: 66.224715 | R30: 70.572801 | S30: 75.366812 | T30: 78.795701 | U30: 82.203151 | V30: 85.719052 | W30: 89.290175 | X30: 92.154613 | Y30: 95.038118
B31: growth | C31: 11.872579 | D31: 0.023364617 | E31: 2.2389068 | F31: 1.9697563 | G31: 3.9795139 | H31: -0.38205385 | I31: 1.6952257 | J31: 3.1087275 | K31: 3.3297112 | L31: 7.2600832 | M31: 6.0290383 | N31: 5.2234588 | O31: 2.8346572 | P31: 6.300872 | Q31: 16.927468 | R31: 6.5656545 | S31: 6.7930009 | T31: 4.5496007 | U31: 4.3244115 | V31: 4.2770875 | W31: 4.1660787 | X31: 3.2080104 | Y31: 3.1289854
B32: NPISHs' consumption (bn €) | C32: 0.49545 | D32: 0.508147 | E32: 0.529133 | F32: 0.556606 | G32: 0.581456 | H32: 0.603757 | I32: 0.894693 | J32: 0.905158 | K32: 0.932085 | L32: 0.921147 | M32: 1.001728 | N32: 1.032954 | O32: 0.924878 | P32: 1.018611 | Q32: 1.249225 | R32: 1.514934 | S32: 1.462555 | T32: 1.42993 | U32: 1.4373401 | V32: 1.4975359 | W32: 1.5599244 | X32: 1.6099669 | Y32: 1.6603425
B33: growth | C33: 3.9742966 | D33: 2.5627208 | E33: 4.1299073 | F33: 5.1920784 | G33: 4.4645584 | H33: 3.8353719 | I33: 48.187599 | J33: 1.169675 | K33: 2.9748398 | L33: -1.1734981 | M33: 8.747898 | N33: 3.1172135 | O33: -10.462809 | P33: 10.134634 | Q33: 22.640046 | R33: 21.269907 | S33: -3.4575104 | T33: -2.2306853 | U33: 0.51821351 | V33: 4.1879975 | W33: 4.1660787 | X33: 3.2080104 | Y33: 3.1289854
B34: Public consumption (bn €) | C34: 12.392041 | D34: 13.167117 | E34: 13.573016 | F34: 13.425647 | G34: 13.624621 | H34: 13.948775 | I34: 14.431774 | J34: 15.274038 | K34: 15.840705 | L34: 16.515623 | M34: 17.174747 | N34: 18.985531 | O34: 20.035183 | P34: 21.584397 | Q34: 23.367086 | R34: 25.107746 | S34: 27.493005 | T34: 29.272827 | U34: 30.630309 | V34: 31.911564 | W34: 32.935109 | X34: 34.325253 | Y34: 35.708556
B35: growth | C35: 10.635034 | D35: 6.2546275 | E35: 3.0826718 | F35: -1.0857498 | G35: 1.482044 | H35: 2.3791781 | I35: 3.4626625 | J35: 5.8361779 | K35: 3.7100012 | L35: 4.2606563 | M35: 3.9909121 | N35: 10.543294 | O35: 5.5286945 | P35: 7.7324674 | Q35: 8.2591559 | R35: 7.4491958 | S35: 9.5000921 | T35: 6.4737267 | U35: 4.6373439 | V35: 4.1829667 | W35: 3.2074402 | X35: 4.2208572 | Y35: 4.0299887
B36: Gross fixed capital formation (bn €) | C36: 17.57116 | D36: 13.899921 | E36: 15.016619 | F36: 17.149183 | G36: 15.51999 | H36: 15.817574 | I36: 16.212933 | J36: 19.547724 | K36: 17.67933 | L36: 18.074065 | M36: 19.269161 | N36: 20.499103 | O36: 18.657522 | P36: 19.968913 | Q36: 23.0257 | R36: 26.111195 | S36: 26.586288 | T36: 28.077732 | U36: 28.606335 | V36: 29.081388 | W36: 30.189634 | X36: 31.861934 | Y36: 33.37406
B37: growth | C37: 6.0282078 | D37: -20.893549 | E37: 8.0338442 | F37: 14.201359 | G37: -9.5001202 | H37: 1.9174239 | I37: 2.499492 | J37: 20.568709 | K37: -9.5581153 | L37: 2.2327486 | M37: 6.6122148 | N37: 6.3829556 | O37: -8.983715 | P37: 7.0287523 | Q37: 15.307729 | R37: 13.400222 | S37: 1.8194993 | T37: 5.6098241 | U37: 1.8826417 | V37: 1.6606547 | W37: 3.8108461 | X37: 5.5393157 | Y37: 4.7458703
B38: Export of goods and services (bn €) | C38: 54.985492 | D38: 43.619025 | E38: 52.975301 | F38: 60.62226 | G38: 67.024929 | H38: 69.327383 | I38: 69.242951 | J38: 72.896367 | K38: 75.346251 | L38: 79.822321 | M38: 85.696006 | N38: 86.836273 | O38: 79.510689 | P38: 92.478685 | Q38: 108.93438 | R38: 113.02995 | S38: 111.30594 | T38: 116.37058 | U38: 122.04421 | V38: 129.81217 | W38: 136.67275 | X38: 143.70892 | Y38: 150.80959
B39: growth | C39: 4.3797412 | D39: -20.671756 | E39: 21.449989 | F39: 14.434951 | G39: 10.561581 | H39: 3.4352203 | I39: -0.12178738 | J39: 5.276228 | K39: 3.3607765 | L39: 5.9406672 | M39: 7.3584493 | N39: 1.3305953 | O39: -8.4360875 | P39: 16.309752 | Q39: 17.794035 | R39: 3.75967 | S39: -1.525263 | T39: 4.5501892 | U39: 4.8754902 | V39: 6.3648753 | W39: 5.2850038 | X39: 5.1481882 | Y39: 4.9410059
... B41: growth | C41: 7.2793339 | D41: -22.060857 | E41: 22.005367 | F41: 12.929478 | G41: 4.7735814 | H41: 3.5516143 | I41: 0.58170373 | J41: 7.9198526 | K41: 3.5103274 | L41: 6.6760845 | M41: 7.5332828 | N41: 2.5796369 | O41: -9.624063 | P41: 18.385962 | Q41: 24.21094 | R41: -3.8004813 | S41: 0.5114653 | T41: 4.438157 | U41: 3.8778674 | V41: 5.4151029 | W41: 5.1705216 | X41: 5.0238314 | Y41: 4.898994
B44: GDP - contributions to growth
B46: Domestic demand | C46: 6.7968118 | D46: -7.4875912 | E46: 6.6790031 | F46: 0.21952562 | G46: -4.3099959 | H46: 0.16422655 | I46: 3.3090445 | J46: 7.0629162 | K46: 1.6818313 | L46: 2.9482453 | M46: 3.5383049 | N46: 3.2377358 | O46: -3.9565633 | P46: 6.3659467 | Q46: 1.7797703 | R46: -5.0379251 | S46: 4.0672033 | T46: 0.56166589 | U46: 1.1195637 | V46: 1.1391821 | W46: 0.86677893 | X46: 1.5802114 | Y46: 1.6070048
B47: Private consumption | C47: 4.0230951 | D47: 0.0092929967 | E47: 0.79663919 | F47: -1.0164775 | G47: 0.31932401 | H47: -0.87791662 | I47: 1.3460771 | J47: 1.7280284 | K47: 1.9254567 | L47: 3.2015333 | M47: 2.2862704 | N47: 1.55701 | O47: 0.23049456 | P47: 1.7628952 | Q47: 2.7620991 | R47: -1.7082508 | S47: 1.9516814 | T47: 0.13274137 | U47: 0.29449591 | V47: 0.77934291 | W47: 0.30083445 | X47: 0.54641944 | Y47: 0.70142461
B48: Public consumption | C48: 1.2558237 | D48: 1.2242815 | E48: 0.52877034 | F48: -0.69895879 | G48: -0.084041217 | H48: 0.27342623 | I48: 0.67581569 | J48: 1.1022162 | K48: 0.51795452 | L48: 0.22421245 | M48: -0.050721125 | N48: 0.96462533 | O48: -0.19203198 | P48: 0.78667135 | Q48: -0.60474202 | R48: -0.50554435 | S48: 0.76315093 | T48: 0.21680698 | U48: 0.11378668 | V48: 0.14364616 | W48: -0.048705151 | X48: 0.11321573 | Y48: 0.15454594
B49: Gross fixed capital formation | C49: 0.85902618 | D49: -4.7816496 | E49: 1.7339109 | F49: 2.8201362 | G49: -2.3971828 | H49: 0.28724784 | I49: 0.58812633 | J49: 4.3320197 | K49: -2.2256798 | L49: 0.012191322 | M49: 0.71102898 | N49: 1.0395439 | O49: -2.0565742 | P49: 1.0006787 | Q49: 0.85408771 | R49: 0.81385808 | S49: 0.34271695 | T49: 0.46106598 | U49: -0.019992939 | V49: -0.20302674 | W49: 0.29732219 | X49: 0.62721819 | Y49: 0.46478137
B50: Changes in inventories | C50: 0.65886682 | D50: -3.9395161 | E50: 3.6196826 | F50: -0.88517422 | G50: -2.1480959 | H50: 0.48146909 | I50: 0.69902541 | J50: -0.099348072 | K50: 1.4640998 | L50: -0.48969176 | M50: 0.59172667 | N50: -0.32344348 | O50: -1.9384516 | P50: 2.8157014 | Q50: -1.2316745 | R50: -3.6379881 | S50: 1.009654 | T50: -0.24894844 | U50: 0.73127404 | V50: 0.41921981 | W50: 0.31732745 | X50: 0.29335801 | Y50: 0.28625287
B52: External demand | C52: -1.0781294 | D52: 3.0362075 | E52: -0.51713199 | F52: 1.6456426 | G52: 5.0668076 | H52: 0.38750818 | I52: -0.54484891 | J52: -1.8097488 | K52: 0.21742942 | L52: -0.11987549 | M52: 0.39877908 | N52: -0.87286706 | O52: 1.3849462 | P52: -0.71008785 | Q52: -1.1863111 | R52: 6.3877034 | S52: -2.1223029 | T52: 0.35291849 | U52: -0.029854529 | V52: 0.88902155 | W52: 0.72578279 | X52: 0.48698173 | Y52: 0.45263995
B55: GFCF - contributions to growth
B57: Private investment | C57: 2.3318842 | D57: -20.571673 | E57: 8.3929034 | F57: 12.166483 | G57: -8.4311028 | H57: 0.70660166 | I57: -1.235775 | J57: 8.0715696 | K57: 3.0039486 | L57: -0.067020821 | M57: 1.1906286 | N57: 5.1277129 | O57: -8.6631412 | P57: 6.0674065 | Q57: 4.4244351 | R57: 0.76296281 | S57: 1.4170315 | T57: -3.1482068 | U57: -3.6687161 | V57: 1.7204738 | W57: 1.4980611 | X57: 1.6755778 | Y57: 2.4694389
B58: Core investment | C58: 2.3318842 | D58: -20.571673 | E58: 8.3929034 | F58: 10.675035 | G58: -9.1627259 | H58: 0.73797893 | I58: -0.65887422 | J58: 7.059907 | K58: 2.384839 | L58: -3.0908143 | M58: 4.4004384 | N58: 5.9116245 | O58: -11.113545 | P58: 5.8204734 | Q58: 5.1830716 | R58: -1.1106434 | S58: 1.970632 | T58: -3.792795 | U58: -3.4500215 | V58: 4.4343245 | W58: 1.798683 | X58: 1.0250845 | Y58: 1.7311826
B59: EU funds | C59: 0 | D59: 0 | E59: 0 | F59: 0 | G59: 0 | H59: 0 | I59: 0 | J59: 0 | K59: 0 | L59: 0 | M59: 0 | N59: 0 | O59: 3.0356571 | P59: -0.21552127 | Q59: -0.31298598 | R59: 2.4699653 | S59: -2.9348654 | T59: 0.29505588 | U59: -0.22431523 | V59: 0.021464318 | W59: 0.16225824 | X59: 0.7422259 | Y59: 0.74773356
B60: RRP | C60: 0 | D60: 0 | E60: 0 | F60: 0 | G60: 0 | H60: 0 | I60: 0 | J60: 0 | K60: 0 | L60: 0 | M60: 0 | N60: 0 | O60: 0 | P60: 3.567914e-06 | Q60: 6.5827005e-05 | R60: 0.33000044 | S60: 0.56810088 | T60: 0.38418259 | U60: 0.029302307 | V60: -1.080135 | W60: -0.056361498 | X60: -0.091732621 | Y60: -0.0094772635
B61: Volkswagen | C61: 0 | D61: 0 | E61: 0 | F61: 1.4914477 | G61: 0.73162308 | H61: -0.031377271 | I61: -0.57690082 | J61: 1.0116626 | K61: 0.6191096 | L61: -1.0229696 | M61: -1.0703254 | N61: -0.60124652 | O61: -0.060448631 | P61: 0.23668424 | Q61: 0.40553291 | R61: -0.47034734 | S61: -0.38301016 | T61: 0 | U61: 0 | V61: 0 | W61: 0 | X61: 0 | Y61: 0
B62: Volvo | C62: 0 | D62: 0 | E62: 0 | F62: 0 | G62: 0 | H62: 0 | I62: 0 | J62: 0 | K62: 0 | L62: 0 | M62: 0 | N62: 0 | O62: 0 | P62: 0 | Q62: 0 | R62: 0 | S62: 1.9851072 | T62: -0.17071261 | U62: -0.017155091 | V62: -1.3251831 | W62: -0.40651859 | X62: 0 | Y62: 0
B64: Public investment | C64: 1.0749323 | D64: 1.2492945 | E64: -0.18628964 | F64: 1.0065647 | G64: -1.7164801 | H64: 0.66791616 | I64: 4.0313961 | J64: 12.502898 | K64: -12.224681 | L64: 0.12373951 | M64: 2.2106561 | N64: -0.12313818 | O64: -0.98032437 | P64: -1.0086027 | Q64: -0.082179512 | R64: 3.2153022 | S64: 0.24036125 | T64: 5.372599 | U64: 3.5736019 | V64: -2.6946661 | W64: -0.031249948 | X64: 1.4219495 | Y64: -0.19707583
B65: Core investment | C65: 1.0749323 | D65: 1.2492945 | E65: -0.18628964 | F65: 1.0065647 | G65: -1.7164801 | H65: 0.66791616 | I65: 4.0313961 | J65: 12.502898 | K65: -12.224681 | L65: 0.12373951 | M65: 2.2106561 | N65: -0.12313818 | O65: -3.9430657 | P65: -1.1008942 | Q65: -0.44512091 | R65: -2.2523449 | S65: 6.2412504 | T65: 1.5633573 | U65: 2.347371 | V65: 1.6529461 | W65: 0.075306481 | X65: 0.91036076 | Y65: -1.0413792
B66: EU funds | C66: 0 | D66: 0 | E66: 0 | F66: 0 | G66: 0 | H66: 0 | I66: 0 | J66: 0 | K66: 0 | L66: 0 | M66: 0 | N66: 0 | O66: 2.9627413 | P66: 0.092291568 | Q66: 0.35767114 | R66: 5.1517259 | S66: -7.6197339 | T66: 1.2566107 | U66: 0.41392625 | V66: 0.026567149 | W66: 0.19128589 | X66: 0.8750085 | Y66: 0.88150147
B67: RRP | C67: 0 | D67: 0 | E67: 0 | F67: 0 | G67: 0 | H67: 0 | I67: 0 | J67: 0 | K67: 0 | L67: 0 | M67: 0 | N67: 0 | O67: 0 | P67: 0 | Q67: 0.0052702605 | R67: 0.31592119 | S67: 1.6188447 | T67: 2.552631 | U67: 0.81230463 | V67: -4.3741793 | W67: -0.29784232 | X67: -0.36341975 | Y67: -0.03719808

Sheet Supply side
A1: ='Summary indicators'!A1:Q1 -> 76th meeting of the Macroeconomic Forecast Committee, September 15 2026
A2: Supply side
A3: percentual change unless otherwise noted
C5: 2008 | D5: 2009 | E5: 2010 | F5: 2011 | G5: 2012 | H5: 2013 | I5: 2014 | J5: 2015 | K5: 2016 | L5: 2017 | M5: 2018 | N5: 2019 | O5: 2020 | P5: 2021 | Q5: 2022 | R5: 2023 | S5: 2024 | T5: 2025 | U5: 2026 | V5: 2027 | W5: 2028 | X5: 2029 | Y5: 2030
C6: actual | D6: actual | E6: actual | F6: actual | G6: actual | H6: actual | I6: actual | J6: actual | K6: actual | L6: actual | M6: actual | N6: actual | O6: actual | P6: actual | Q6: actual | R6: actual | S6: actual | T6: actual | U6: forecast | V6: forecast | W6: forecast | X6: forecast | Y6: forecast
B8: Nominal labor productivity | C8: 5.1204697 | D8: -4.7009155 | E8: 8.9414557 | F8: 2.4070766 | G8: 2.8769328 | H8: 2.0345836 | I8: 1.1461847 | J8: 2.9464903 | K8: -0.81118419 | L8: 1.843705 | M8: 4.1643172 | N8: 3.6486268 | O8: 1.6778118 | P8: 8.6587797 | Q8: 6.043114 | R8: 12.036942 | S8: 5.5615771 | T8: 5.1678718 | U8: 5.2392523 | V8: 4.6146702 | W8: 4.5236287 | X8: 4.4400515 | Y8: 4.1351805
B10: Real labor productivity | C10: 2.0732142 | D10: -3.6189686 | E10: 8.4312557 | F10: 0.77475682 | G10: 1.5177298 | H10: 1.4925506 | I10: 1.2804852 | J10: 3.1380102 | K10: -0.42192419 | L10: 0.65410175 | M10: 2.0132171 | N10: 1.2181682 | O10: -0.71280501 | P10: 6.2739039 | Q10: -1.2025659 | R10: 1.8290015 | S10: 2.0967235 | T10: 0.94170082 | U10: 0.7446475 | V10: 1.7606017 | W10: 1.780972 | X10: 2.2062812 | Y10: 2.2132722
B12: Unit labor costs | C12: 4.5067158 | D12: 6.4108192 | E12: -2.674825 | F12: 1.3096167 | G12: 0.97503803 | H12: 1.140203 | I12: 0.60564978 | J12: 0.38916127 | K12: 2.6707415 | L12: 4.5429744 | M12: 3.8325015 | N12: 5.4251925 | O12: 4.568665 | P12: 0.62939127 | Q12: 7.1868643 | R12: 8.3839808 | S12: 5.5074451 | T12: 5.2525724 | U12: 3.6690519 | V12: 3.1050833 | W12: 2.2586854 | X12: 2.8191437 | Y12: 2.1002486
B14: Potential employment | C14: 1.1885394 | D14: 0.19238523 | E14: 0.10590762 | F14: 0.97860143 | G14: 0.63680763 | H14: 0.54137638 | I14: 0.97777879 | J14: 1.2990969 | K14: 1.3801127 | L14: 1.252427 | M14: 1.1256967 | N14: 0.72951676 | O14: 0.17480332 | P14: 0.094738926 | Q14: 0.11479568 | R14: -0.060915192 | S14: 0.044830957 | T14: 0.15117128 | U14: 0.18373863 | V14: -0.049051123 | W14: -0.081361892 | X14: -0.26155657 | Y14: -0.33813668
B16: Potential product | C16: 5.3267253 | D16: 2.5707771 | E16: 1.909128 | F16: 2.4625874 | G16: 2.5726173 | H16: 1.6991228 | I16: 1.8983617 | J16: 3.2877144 | K16: 2.5401864 | L16: 1.9008234 | M16: 2.4171107 | N16: 1.7721284 | O16: 2.1691975 | P16: 1.9269802 | Q16: 1.2578453 | R16: 2.1196338 | S16: 1.9297566 | T16: 1.8767727 | U16: 2.0407902 | V16: 1.8254715 | W16: 1.7614323 | X16: 1.7745862 | Y16: 1.823889
B18: Output gap (% of pot. product) | C18: 2.8242479 | D18: -5.2718247 | E18: -0.73433917 | F18: -0.63761683 | G18: -1.6096581 | H18: -2.573059 | I18: -1.798995 | J18: -0.0028677852 | K18: -0.58054475 | L18: 0.36964963 | M18: 1.9817728 | N18: 2.4865812 | O18: -2.282899 | P18: 1.2919661 | Q18: 0.57847204 | R18: 0.57158015 | S18: 0.58037919 | T18: -0.4753672 | U18: -1.7239054 | V18: -1.7358007 | W18: -1.9188092 | X18: -1.6380456 | Y18: -1.4103805

Sheet General government
A1: ='Summary indicators'!A1:Q1 -> 76th meeting of the Macroeconomic Forecast Committee, September 15 2026
A2: General government and drawing of EU funds
A3: percentual change unless otherwise noted
C5: 2008 | D5: 2009 | E5: 2010 | F5: 2011 | G5: 2012 | H5: 2013 | I5: 2014 | J5: 2015 | K5: 2016 | L5: 2017 | M5: 2018 | N5: 2019 | O5: 2020 | P5: 2021 | Q5: 2022 | R5: 2023 | S5: 2024 | T5: 2025 | U5: 2026 | V5: 2027 | W5: 2028 | X5: 2029 | Y5: 2030
C6: actual | D6: actual | E6: actual | F6: actual | G6: actual | H6: actual | I6: actual | J6: actual | K6: actual | L6: actual | M6: actual | N6: actual | O6: actual | P6: actual | Q6: actual | R6: actual | S6: actual | T6: actual | U6: forecast | V6: forecast | W6: forecast | X6: forecast | Y6: forecast
B8: General government
B10: Government final consumption (bn €) | C10: 12.392041 | D10: 13.167117 | E10: 13.573016 | F10: 13.425647 | G10: 13.624621 | H10: 13.948775 | I10: 14.431774 | J10: 15.274038 | K10: 15.840705 | L10: 16.515623 | M10: 17.174747 | N10: 18.985531 | O10: 20.035183 | P10: 21.584397 | Q10: 23.367086 | R10: 25.107746 | S10: 27.493005 | T10: 29.272827 | U10: 30.630309 | V10: 31.911564 | W10: 32.935109 | X10: 34.325253 | Y10: 35.708556
B11: growth | C11: 10.635034 | D11: 6.2546275 | E11: 3.0826718 | F11: -1.0857498 | G11: 1.482044 | H11: 2.3791781 | I11: 3.4626625 | J11: 5.8361779 | K11: 3.7100012 | L11: 4.2606563 | M11: 3.9909121 | N11: 10.543294 | O11: 5.5286945 | P11: 7.7324674 | Q11: 8.2591559 | R11: 7.4491958 | S11: 9.5000921 | T11: 6.4737267 | U11: 4.6373439 | V11: 4.1829667 | W11: 3.2074402 | X11: 4.2208572 | Y11: 4.0299887
B12: Government fixed investments (bn €) | C12: 2.374095 | D12: 2.540331 | E12: 2.513208 | F12: 2.687912 | G12: 2.411357 | H12: 2.532452 | I12: 3.157805 | J12: 5.188484 | K12: 2.782816 | L12: 2.866875 | M12: 3.37074 | N12: 3.388474 | O12: 3.208589 | P12: 3.071564 | Q12: 3.378789 | R12: 4.384679 | S12: 4.624989 | T12: 6.2517973 | U12: 7.336 | V12: 6.7456849 | W12: 6.8934536 | X12: 7.4969713 | Y12: 7.6084152
B13: growth | C13: 11.116129 | D13: 7.0020787 | E13: -1.0676955 | F13: 6.9514342 | G13: -10.288841 | H13: 5.0218611 | I13: 24.693578 | J13: 64.306662 | K13: -46.365528 | L13: 3.0206453 | M13: 17.575409 | N13: 0.52611593 | O13: -5.3087319 | P13: -4.2705688 | Q13: 10.002233 | R13: 29.770726 | S13: 5.4806749 | T13: 35.174318 | U13: 17.342256 | V13: -8.0468251 | W13: 2.1905656 | X13: 8.7549397 | Y13: 1.4865197
B15: Government intermediate consumption (bn €) | C15: 3.346284 | D15: 3.900282 | E15: 4.071869 | F15: 4.205282 | G15: 4.29334 | H15: 4.301865 | I15: 4.391128 | J15: 4.730919 | K15: 4.524993 | L15: 4.837396 | M15: 4.894747 | N15: 5.09242 | O15: 5.154728 | P15: 5.71857 | Q15: 6.59995 | R15: 6.675677 | S15: 7.42296 | T15: 7.843702 | U15: 8.149 | V15: 8.2043105 | W15: 8.2930374 | X15: 8.490267 | Y15: 8.7883739
B16: growth | C16: 1.8839006 | D16: 16.555618 | E16: 4.3993486 | F16: 3.2764561 | G16: 2.0939856 | H16: 0.19856336 | I16: 2.0749838 | J16: 7.7381256 | K16: -4.3527695 | L16: 6.9039444 | M16: 1.1855759 | N16: 4.0384723 | O16: 1.223544 | P16: 10.938346 | Q16: 15.412594 | R16: 1.1473875 | S16: 11.194116 | T16: 5.6681162 | U16: 3.8922692 | V16: 0.6787393 | W16: 1.0814674 | X16: 2.3782557 | Y16: 3.51116
B17: Compensation of employees (bn €) | C17: 5.284542 | D17: 5.671463 | E17: 5.992816 | F17: 6.137166 | G17: 6.278501 | H17: 6.652254 | I17: 6.92392 | J17: 7.273761 | K17: 7.6965 | L17: 8.081536 | M17: 8.524545 | N17: 9.761706 | O17: 10.62039 | P17: 11.41135 | Q17: 11.895741 | R17: 13.55098 | S17: 14.847296 | T17: 16.049918 | U17: 16.875024 | V17: 17.644395 | W17: 18.175508 | X17: 18.877244 | Y17: 19.540187
B18: growth | C18: 11.356644 | D18: 7.3217509 | E18: 5.6661394 | F18: 2.4087174 | G18: 2.3029359 | H18: 5.9529018 | I18: 4.0838188 | J18: 5.0526436 | K18: 5.8118352 | L18: 5.0027415 | M18: 5.4817426 | N18: 14.512927 | O18: 8.7964542 | P18: 7.4475608 | Q18: 4.2448177 | R18: 13.914551 | S18: 9.5662159 | T18: 8.0999395 | U18: 5.140876 | V18: 4.5592264 | W18: 3.0100962 | X18: 3.8608852 | Y18: 3.5118654
B19: Other taxes on production (bn €) | C19: 0.062555 | D19: 0.067954 | E19: 0.075835 | F19: 0.078894 | G19: 0.089799 | H19: 0.093698 | I19: 0.080685 | J19: 0.102843 | K19: 0.108236 | L19: 0.063568 | M19: 0.125415 | N19: 0.134567 | O19: 0.134598 | P19: 0.1479 | Q19: 0.120628 | R19: 0.0958 | S19: 0.140878 | T19: 0.151576 | U19: 0.1467376 | V19: 0.158764 | W19: 0.16385626 | X19: 0.1707724 | Y19: 0.17765451
B20: growth | C20: -48.554628 | D20: 8.6308049 | E20: 11.597551 | F20: 4.0337575 | G20: 13.822344 | H20: 4.3419192 | I20: -13.888237 | J20: 27.462354 | K20: 5.2439155 | L20: -41.269079 | M20: 97.292663 | N20: 7.2973727 | O20: 0.023036852 | P20: 9.882762 | Q20: -18.439486 | R20: -20.582286 | S20: 47.05428 | T20: 7.5938046 | U20: -3.1920593 | V20: 8.1958522 | W20: 3.2074402 | X20: 4.2208572 | Y20: 4.0299887
B21: Social transfers in kind (bn €) | C21: 2.547005 | D21: 2.332707 | E21: 2.49123 | F21: 2.420943 | G21: 2.407102 | H21: 2.4267 | I21: 2.619975 | J21: 2.689661 | K21: 2.803048 | L21: 2.830208 | M21: 2.925366 | N21: 3.204066 | O21: 3.129982 | P21: 3.484239 | Q21: 3.815507 | R21: 4.290565 | S21: 4.889137 | T21: 5.262367 | U21: 5.425 | V21: 5.6980746 | W21: 5.896838 | X21: 6.1139207 | Y21: 6.2640268
B22: growth | C22: 30.226564 | D22: -8.4137251 | E22: 6.795667 | F22: -2.8213774 | G22: -0.57171937 | H22: 0.81417406 | I22: 7.9645197 | J22: 2.6597964 | K22: 4.2156614 | L22: 0.96894523 | M22: 3.3622264 | N22: 9.527013 | O22: -2.3121871 | P22: 11.31818 | Q22: 9.5076141 | R22: 12.450718 | S22: 13.95089 | T22: 7.6338626 | U22: 3.0904914 | V22: 5.0336329 | W22: 3.4882561 | X22: 3.6813406 | Y22: 2.4551526
... B26: growth | C26: 2.9083713 | D26: 0.51866191 | E26: 0.2092358 | F26: -0.070132541 | G26: 12.811645 | H26: 2.6541189 | I26: 0.21271027 | J26: 4.1101148 | K26: 5.5239007 | L26: 2.8296457 | M26: 1.2511653 | N26: 6.6589196 | O26: 0.35691602 | P26: 1.1555035 | Q26: 12.863561 | R26: 0.75387944 | S26: -1.7406439 | T26: -0.078304225 | U26: 4.5105387 | V26: 8.6033915 | W26: 8.4443778 | X26: 8.5240039 | Y26: 7.8342362
B29: Drawing of EU funds
B31: EU funds total (mil €) | C31: - | D31: - | E31: - | F31: - | G31: - | H31: - | I31: - | J31: - | K31: - | L31: - | M31: - | N31: - | O31: ='General government'!O32+'General government'!O33 -> 2463.474 | P31: ='General government'!P32+'General government'!P33 -> 2631.3333 | Q31: ='General government'!Q32+'General government'!Q33 -> 2613.0205 | R31: ='General government'!R32+'General government'!R33 -> 5522.6359 | S31: ='General government'!S32+'General government'!S33 -> 1654.1579 | T31: ='General government'!T32+'General government'!T33 -> 2291.2186 | U31: ='General government'!U32+'General government'!U33 -> 2377.6542 | V31: ='General government'!V32+'General government'!V33 -> 2469.0983 | ... Y31: ='General government'!Y32+'General government'!Y33 -> 4960.0326
B32: - within GG sector | C32: - | D32: - | E32: - | F32: - | G32: - | H32: - | I32: - | J32: - | K32: - | L32: - | M32: - | N32: - | O32: ='General government'!O36+'General government'!O40 -> 1375.2823 | P32: ='General government'!P36+'General government'!P40 -> 1503.7749 | Q32: ='General government'!Q36+'General government'!Q40 -> 1526.6517 | R32: ='General government'!R36+'General government'!R40 -> 3266.233 | S32: ='General government'!S36+'General government'!S40 -> 665.92016 | T32: ='General government'!T36+'General government'!T40 -> 1301.4931 | U32: ='General government'!U36+'General government'!U40 -> 1386.6833 | V32: ='General government'!V36+'General government'!V40 -> 1440.4329 | ... Y32: ='General government'!Y36+'General government'!Y40 -> 2893.6046
B33: - outside of GG sector | C33: - | D33: - | E33: - | F33: - | G33: - | H33: - | I33: - | J33: - | K33: - | L33: - | M33: - | N33: - | O33: ='General government'!O37+'General government'!O41 -> 1088.1916 | P33: ='General government'!P37+'General government'!P41 -> 1127.5584 | Q33: ='General government'!Q37+'General government'!Q41 -> 1086.3689 | R33: ='General government'!R37+'General government'!R41 -> 2256.403 | S33: ='General government'!S37+'General government'!S41 -> 988.23778 | T33: ='General government'!T37+'General government'!T41 -> 989.7255 | U33: ='General government'!U37+'General government'!U41 -> 990.9709 | V33: ='General government'!V37+'General government'!V41 -> 1028.6653 | ... Y33: ='General government'!Y37+'General government'!Y41 -> 2066.4279
B35: Current expenditures (mil €) | C35: - | D35: - | E35: - | F35: - | G35: - | H35: - | I35: - | J35: - | K35: - | L35: - | M35: - | N35: - | O35: ='General government'!O36+'General government'!O37 -> 1224.8779 | P35: ='General government'!P36+'General government'!P37 -> 1392.935 | Q35: ='General government'!Q36+'General government'!Q37 -> 1234.6165 | R35: ='General government'!R36+'General government'!R37 -> 2105.6479 | S35: ='General government'!S36+'General government'!S37 -> 991.75586 | T35: ='General government'!T36+'General government'!T37 -> 1180.6868 | U35: ='General government'!U36+'General government'!U37 -> 1190.8455 | V35: ='General government'!V36+'General government'!V37 -> 1236.6056 | ... Y35: ='General government'!Y36+'General government'!Y37 -> 2484.1475
B36: - within GG sector | C36: - | D36: - | E36: - | F36: - | G36: - | H36: - | I36: - | J36: - | K36: - | L36: - | M36: - | N36: - | O36: 763.51239 | P36: 862.99149 | Q36: 739.59849 | R36: 1114.3348 | S36: 503.18291 | T36: 788.21609 | U36: 744.72345 | V36: 773.58986 | W36: 857.48526 | X36: 1191.5005 | Y36: 1554.0211
B37: - outside of GG sector | C37: - | D37: - | E37: - | F37: - | G37: - | H37: - | I37: - | J37: - | K37: - | L37: - | M37: - | N37: - | O37: 461.3655 | P37: 529.94354 | Q37: 495.01799 | R37: 991.31312 | S37: 488.57296 | T37: 392.47067 | U37: 446.12202 | V37: 463.01576 | W37: 513.22957 | X37: 713.14728 | Y37: 930.12631
B39: Capital expenditures (mil €) | C39: - | D39: - | E39: - | F39: - | G39: - | H39: - | I39: - | J39: - | K39: - | L39: - | M39: - | N39: - | O39: ='General government'!O40+'General government'!O41 -> 1238.5961 | P39: ='General government'!P40+'General government'!P41 -> 1238.3983 | Q39: ='General government'!Q40+'General government'!Q41 -> 1378.404 | R39: ='General government'!R40+'General government'!R41 -> 3416.988 | S39: ='General government'!S40+'General government'!S41 -> 662.40208 | T39: ='General government'!T40+'General government'!T41 -> 1110.5318 | U39: ='General government'!U40+'General government'!U41 -> 1186.8088 | V39: ='General government'!V40+'General government'!V41 -> 1232.4926 | ... Y39: ='General government'!Y40+'General government'!Y41 -> 2475.8851
B40: - within GG sector | C40: - | D40: - | E40: - | F40: - | G40: - | H40: - | I40: - | J40: - | K40: - | L40: - | M40: - | N40: - | O40: 611.76993 | P40: 640.78342 | Q40: 787.05318 | R40: 2151.8982 | S40: 162.73725 | T40: 513.27698 | U40: 641.95989 | V40: 666.84306 | W40: 739.16182 | X40: 1027.0867 | Y40: 1339.5835
B41: - outside of GG sector | C41: - | D41: - | E41: - | F41: - | G41: - | H41: - | I41: - | J41: - | K41: - | L41: - | M41: - | N41: - | O41: 626.82615 | P41: 597.61484 | Q41: 591.35087 | R41: 1265.0898 | S41: 499.66483 | T41: 597.25483 | U41: 544.84888 | V41: 565.64958 | W41: 626.99397 | X41: 871.22619 | Y41: 1136.3016
B44: Cofinancing of EU funds
B46: EU funds total (mil €) | C46: - | D46: - | E46: - | F46: - | G46: - | H46: - | I46: - | J46: - | K46: - | L46: - | M46: - | N46: - | O46: - | P46: - | Q46: =Q47+Q48 -> 458.78363 | R46: =R47+R48 -> 840.81917 | S46: =S47+S48 -> 352.34816 | T46: =T47+T48 -> 406.84751 | U46: =U47+U48 -> 486.45881 | V46: =V47+V48 -> 456.69815 | W46: =W47+W48 -> 513.99648 | X46: =X47+X48 -> 772.65962 | Y46: =Y47+Y48 -> 1049.2815
B47: - within GG sector | C47: - | D47: - | E47: - | F47: - | G47: - | H47: - | I47: - | J47: - | K47: - | L47: - | M47: - | N47: - | O47: - | P47: - | Q47: =Q51+Q55 -> 324.32777 | R47: =R51+R55 -> 599.09358 | S47: =S51+S55 -> 132.64568 | T47: =T51+T55 -> 274.10772 | U47: =U51+U55 -> 316.72177 | V47: =V51+V55 -> 297.34531 | W47: =W51+W55 -> 334.65089 | X47: =X51+X55 -> 503.06031 | Y47: =Y51+Y55 -> 683.16226
B48: - outside of GG sector | C48: - | D48: - | E48: - | F48: - | G48: - | H48: - | I48: - | J48: - | K48: - | L48: - | M48: - | N48: - | O48: - | P48: - | Q48: =Q52+Q56 -> 134.45586 | R48: =R52+R56 -> 241.72559 | S48: =S52+S56 -> 219.70247 | T48: =T52+T56 -> 132.73979 | U48: =U52+U56 -> 169.73704 | V48: =V52+V56 -> 159.35284 | W48: =W52+W56 -> 179.34559 | X48: =X52+X56 -> 269.59931 | Y48: =Y52+Y56 -> 366.11927
B50: Current expenditures (mil €) | C50: - | D50: - | E50: - | F50: - | G50: - | H50: - | I50: - | J50: - | K50: - | L50: - | M50: - | N50: - | O50: - | P50: - | Q50: =Q51+Q52 -> 240.35658 | R50: =R51+R52 -> 342.57268 | S50: =S51+S52 -> 179.64808 | T50: =T51+T52 -> 271.84477 | U50: =U51+U52 -> 240.63799 | V50: =V51+V52 -> 225.9162 | W50: =W51+W52 -> 254.26013 | X50: =X51+X52 -> 382.21378 | Y50: =Y51+Y52 -> 519.05114
B51: - within GG sector | C51: - | D51: - | E51: - | F51: - | G51: - | H51: - | I51: - | J51: - | K51: - | L51: - | M51: - | N51: - | O51: - | P51: - | Q51: 179.10643 | R51: 257.45942 | S51: 102.97313 | T51: 191.65618 | U51: 168.30577 | V51: 158.00913 | W51: 177.83329 | X51: 267.32596 | Y51: 363.03204
B52: - outside of GG sector | C52: - | D52: - | E52: - | F52: - | G52: - | H52: - | I52: - | J52: - | K52: - | L52: - | M52: - | N52: - | O52: - | P52: - | Q52: 61.250152 | R52: 85.113261 | S52: 76.674953 | T52: 80.188593 | U52: 72.332225 | V52: 67.907071 | W52: 76.426839 | X52: 114.88781 | Y52: 156.0191
B54: Capital expenditures (mil €) | C54: - | D54: - | E54: - | F54: - | G54: - | H54: - | I54: - | J54: - | K54: - | L54: - | M54: - | N54: - | O54: - | P54: - | Q54: =Q55+Q56 -> 218.42704 | R54: =R55+R56 -> 498.24649 | S54: =S55+S56 -> 172.70007 | T54: =T55+T56 -> 135.00274 | U54: =U55+U56 -> 245.82082 | V54: =V55+V56 -> 230.78195 | W54: =W55+W56 -> 259.73635 | X54: =X55+X56 -> 390.44584 | Y54: =Y55+Y56 -> 530.23038
B55: - within GG sector | C55: - | D55: - | E55: - | F55: - | G55: - | H55: - | I55: - | J55: - | K55: - | L55: - | M55: - | N55: - | O55: - | P55: - | Q55: 145.22134 | R55: 341.63416 | S55: 29.672553 | T55: 82.451539 | U55: 148.416 | V55: 139.33618 | W55: 156.8176 | X55: 235.73435 | Y55: 320.13022
B56: - outside of GG sector | C56: - | D56: - | E56: - | F56: - | G56: - | H56: - | I56: - | J56: - | K56: - | L56: - | M56: - | N56: - | O56: - | P56: - | Q56: 73.205705 | R56: 156.61233 | S56: 143.02752 | T56: 52.5512 | U56: 97.404816 | V56: 91.445768 | W56: 102.91875 | X56: 154.71149 | Y56: 210.10016
B59: Drawing of RRP funds incl. VAT (mil. EUR)
B61: Public compensations | C61: - | D61: - | E61: - | F61: - | G61: - | H61: - | I61: - | J61: - | K61: - | L61: - | M61: - | N61: - | O61: - | P61: 3.577107 | Q61: 24.793062 | R61: 39.077222 | S61: 52.075245 | T61: 124.12542 | U61: 150.20976 | V61: 23.71584 | W61: 15.261767 | X61: 4.214206 | Y61: 3.0830596
B62: Public intermediate consumption | C62: - | D62: - | E62: - | F62: - | G62: - | H62: - | I62: - | J62: - | K62: - | L62: - | M62: - | N62: - | O62: - | P62: 2.0563236 | Q62: 16.00307 | R62: 31.378382 | S62: 51.692642 | T62: 166.83798 | U62: 206.18017 | V62: 32.552717 | W62: 20.948529 | X62: 5.7844822 | Y62: 4.2318538
B63: Public investments | C63: - | D63: - | E63: - | F63: - | G63: - | H63: - | I63: - | J63: - | K63: - | L63: - | M63: - | N63: - | O63: - | P63: 0 | Q63: 1.3135697 | R63: 89.129651 | S63: 565.5537 | T63: 1411.4065 | U63: 1742.4016 | V63: 275.09875 | W63: 177.03328 | X63: 48.883902 | Y63: 35.762842
B64: Social transfers in kind | C64: - | D64: - | E64: - | F64: - | G64: - | H64: - | I64: - | J64: - | K64: - | L64: - | M64: - | N64: - | O64: - | P64: 0.44010608 | Q64: 1.9767635 | R64: 1.5595284 | S64: 3.5093364 | T64: 0 | U64: 0 | V64: 0 | W64: 0 | X64: 0 | Y64: 0
B65: Social transfers | C65: - | D65: - | E65: - | F65: - | G65: - | H65: - | I65: - | J65: - | K65: - | L65: - | M65: - | N65: - | O65: - | P65: 0 | Q65: 3.9930604 | R65: 9.7563884 | S65: 13.634148 | T65: 16.384507 | U65: 19.827631 | V65: 3.1304818 | W65: 2.0145473 | X65: 0.55627356 | Y65: 0.40696268
B66: Private compensations | C66: - | D66: - | E66: - | F66: - | G66: - | H66: - | I66: - | J66: - | K66: - | L66: - | M66: - | N66: - | O66: - | P66: 0 | Q66: 0.0015364066 | R66: 0.93983409 | S66: 1.8556406 | T66: 13.681827 | U66: 16.556995 | V66: 2.6140981 | W66: 1.6822409 | X66: 0.46451434 | Y66: 0.3398328
B67: Private intermediate consumption | C67: - | D67: - | E67: - | F67: - | G67: - | H67: - | I67: - | J67: - | K67: - | L67: - | M67: - | N67: - | O67: - | P67: 0 | Q67: 0.51503182 | R67: 0.81243443 | S67: 2.4493249 | T67: 16.344065 | U67: 19.848019 | V67: 3.1337008 | W67: 2.0166188 | X67: 0.55684557 | Y67: 0.40738115
B68: Private investments | C68: - | D68: - | E68: - | F68: - | G68: - | H68: - | I68: - | J68: - | K68: - | L68: - | M68: - | N68: - | O68: - | P68: 0.00067816657 | Q68: 0.015275793 | R68: 27.224063 | S68: 94.846038 | T68: 213.89531 | U68: 260.41777 | V68: 41.11601 | W68: 26.459234 | X68: 7.3061437 | Y68: 5.345082
B69: Household investments | C69: - | D69: - | E69: - | F69: - | G69: - | H69: - | I69: - | J69: - | K69: - | L69: - | M69: - | N69: - | O69: - | P69: 0 | Q69: 0 | R69: 56.246996 | S69: 141.24129 | T69: 143.27726 | U69: 115.06806 | V69: 13.563899 | W69: 11.933808 | X69: 2.4396524 | Y69: 1.4124304
B72: Drawing of RRP funds excl. VAT (mil. EUR)
B74: Public compensations | C74: - | D74: - | E74: - | F74: - | G74: - | H74: - | I74: - | J74: - | K74: - | L74: - | M74: - | N74: - | O74: - | P74: 3.577107 | Q74: 24.793062 | R74: 39.077222 | S74: 52.075245 | T74: 124.12542 | U74: 150.20976 | V74: 23.71584 | W74: 15.261767 | X74: 4.214206 | Y74: 3.0830596
B75: Public intermediate consumption | C75: - | D75: - | E75: - | F75: - | G75: - | H75: - | I75: - | J75: - | K75: - | L75: - | M75: - | N75: - | O75: - | P75: 2.0540436 | Q75: 13.951879 | R75: 27.37355 | S75: 44.042619 | T75: 143.24847 | U75: 173.35144 | V75: 27.369559 | W75: 17.613031 | X75: 4.8634565 | Y75: 3.5580431
B76: Public investments | C76: - | D76: - | E76: - | F76: - | G76: - | H76: - | I76: - | J76: - | K76: - | L76: - | M76: - | N76: - | O76: - | P76: 0 | Q76: 1.1630134 | R76: 80.59618 | S76: 504.10534 | T76: 1221.9252 | U76: 1478.7068 | V76: 233.46534 | W76: 150.24108 | X76: 41.485818 | Y76: 30.350498
B77: Social transfers in kind | C77: - | D77: - | E77: - | F77: - | G77: - | H77: - | I77: - | J77: - | K77: - | L77: - | M77: - | N77: - | O77: - | P77: 0.44010608 | Q77: 1.9767635 | R77: 1.5595284 | S77: 3.5093364 | T77: 0 | U77: 0 | V77: 0 | W77: 0 | X77: 0 | Y77: 0
B78: Social transfers | C78: - | D78: - | E78: - | F78: - | G78: - | H78: - | I78: - | J78: - | K78: - | L78: - | M78: - | N78: - | O78: - | P78: 0 | Q78: 3.9930604 | R78: 9.7563884 | S78: 13.634148 | T78: 16.384507 | U78: 19.827631 | V78: 3.1304818 | W78: 2.0145473 | X78: 0.55627356 | Y78: 0.40696268
B79: Private compensations | C79: - | D79: - | E79: - | F79: - | G79: - | H79: - | I79: - | J79: - | K79: - | L79: - | M79: - | N79: - | O79: - | P79: 0 | Q79: 0.0015364066 | R79: 0.93983409 | S79: 1.8556406 | T79: 13.681827 | U79: 16.556995 | V79: 2.6140981 | W79: 1.6822409 | X79: 0.46451434 | Y79: 0.3398328
B80: Private intermediate consumption | C80: - | D80: - | E80: - | F80: - | G80: - | H80: - | I80: - | J80: - | K80: - | L80: - | M80: - | N80: - | O80: - | P80: 0 | Q80: 0.51503182 | R80: 0.7899477 | S80: 2.3254646 | T80: 15.962131 | U80: 19.316495 | V80: 3.0497811 | W80: 1.9626143 | X80: 0.54193339 | Y80: 0.39647159
B81: Private investments | C81: - | D81: - | E81: - | F81: - | G81: - | H81: - | I81: - | J81: - | K81: - | L81: - | M81: - | N81: - | O81: - | P81: 0.00067816657 | Q81: 0.015275793 | R81: 27.056445 | S81: 92.035056 | T81: 205.2274 | U81: 248.35493 | V81: 39.211471 | W81: 25.233613 | X81: 6.967715 | Y81: 5.0974919
B82: Household investments | C82: - | D82: - | E82: - | F82: - | G82: - | H82: - | I82: - | J82: - | K82: - | L82: - | M82: - | N82: - | O82: - | P82: 0 | Q82: 0 | R82: 55.823404 | S82: 139.55851 | T82: 139.55851 | U82: 111.64681 | V82: 13.160611 | W82: 11.578988 | X82: 2.3671157 | Y82: 1.3704354

Sheet Households
A1: ='Summary indicators'!A1:Q1 -> 76th meeting of the Macroeconomic Forecast Committee, September 15 2026
A2: Households
A3: percentual change unless otherwise noted
C5: 2008 | D5: 2009 | E5: 2010 | F5: 2011 | G5: 2012 | H5: 2013 | I5: 2014 | J5: 2015 | K5: 2016 | L5: 2017 | M5: 2018 | N5: 2019 | O5: 2020 | P5: 2021 | Q5: 2022 | R5: 2023 | S5: 2024 | T5: 2025 | U5: 2026 | V5: 2027 | W5: 2028 | X5: 2029 | Y5: 2030
C6: actual | D6: actual | E6: actual | F6: actual | G6: actual | H6: actual | I6: actual | J6: actual | K6: actual | L6: actual | M6: actual | N6: actual | O6: actual | P6: actual | Q6: actual | R6: actual | S6: actual | T6: actual | U6: forecast | V6: forecast | W6: forecast | X6: forecast | Y6: forecast
B8: Gross disposable income, current prices (bn €) | C8: 39.353497 | D8: 39.878502 | E8: 41.193637 | F8: 41.396536 | G8: 42.512808 | H8: 42.652054 | I8: 43.47323 | J8: 45.806092 | K8: 47.219548 | L8: 49.417407 | M8: 54.196268 | N8: 56.692756 | O8: 59.387571 | P8: 62.737705 | Q8: 68.885545 | R8: 74.860021 | S8: 80.605595 | T8: 83.038341 | U8: 85.960537 | V8: 89.838312 | W8: 92.964074 | X8: 96.299298 | Y8: 99.563481
B9: growth | C9: 11.646368 | D9: 1.3340746 | E9: 3.2978546 | F9: 0.49254937 | G9: 2.6965348 | H9: 0.32753894 | I9: 1.9252906 | J9: 5.3662035 | K9: 3.085738 | L9: 4.6545532 | M9: 9.6704001 | N9: 4.6063836 | O9: 4.7533674 | P9: 5.6411366 | Q9: 9.7992746 | R9: 8.6730474 | S9: 7.67509 | T9: 3.0180859 | U9: 3.5190922 | V9: 4.5111112 | W9: 3.4793192 | X9: 3.5876482 | Y9: 3.3896231
B10: Net disposable income per member of household, current prices (Q1 t/Q1 t-1) | C10: 327.43 | D10: 339.91 | E10: 340.14 | F10: 348.32 | G10: 357.02 | H10: 373.47 | I10: 384.12 | J10: 420.1 | K10: 427.08 | L10: 448.36 | M10: 476.4 | N10: 504.06 | O10: 530.65 | P10: 545.18 | Q10: 585.86 | R10: 657.28729 | S10: 713.4184 | T10: 740.27091 | U10: 761.67956 | V10: 792.67769 | W10: 819.18028 | X10: 852.7688 | Y10: 877.52376
B11: growth | C11: 11.401062 | D11: 3.8115017 | E11: 0.06766497 | F11: 2.4048921 | G11: 2.4977033 | H11: 4.607585 | I11: 2.8516347 | J11: 9.3668645 | K11: 1.6615092 | L11: 4.982673 | M11: 6.2539031 | N11: 5.8060453 | O11: 5.2751657 | P11: 2.7381513 | Q11: 7.4617558 | R11: 12.19187 | S11: 8.5398142 | T11: 3.7639208 | U11: 2.8920021 | V11: 4.0697075 | W11: 3.3434264 | X11: 4.1002592 | Y11: 2.9028927
B13: Gross disposable income, constant prices (bn €) | C13: 46.181013 | D13: 46.780062 | E13: 47.857931 | F13: 46.307846 | G13: 45.983086 | H13: 45.54584 | I13: 46.471656 | J13: 49.036994 | K13: 50.718164 | L13: 52.535252 | M13: 56.573055 | N13: 57.874156 | O13: 59.387571 | P13: 60.795515 | Q13: 59.837761 | R13: 59.08989 | S13: 61.820402 | T13: 61.146262 | U13: 61.030726 | V13: 62.018756 | W13: 61.942067 | X13: 62.785035 | Y13: 63.751677
B14: growth | C14: =100*((1+Households!C9/100)/(1+'Price inflation'!C30/100)-1) -> 6.925118 | D14: =(D13/C13-1)*100 -> 1.2971749 | E14: =(E13/D13-1)*100 -> 2.3041209 | F14: =(F13/E13-1)*100 -> -3.238931 | G14: =(G13/F13-1)*100 -> -0.70130514 | H14: =(H13/G13-1)*100 -> -0.95088591 | I14: =(I13/H13-1)*100 -> 2.0327133 | J14: =(J13/I13-1)*100 -> 5.5202201 | K14: =(K13/J13-1)*100 -> 3.4283705 | ... Y14: =(Y13/X13-1)*100 -> 1.5396056
B15: Net disposable income per member of household, constant prices (Q1 t/Q1 t-1) | C15: 384.23648 | D15: 398.73641 | E15: 395.16775 | F15: 389.64489 | G15: 386.16319 | H15: 398.80857 | I15: 410.61344 | J15: 449.73147 | K15: 458.72344 | L15: 476.64794 | M15: 497.29261 | N15: 514.56393 | O15: 530.65 | P15: 528.3027 | Q15: 508.91011 | R15: 518.82211 | S15: 547.15572 | T15: 545.10722 | U15: 540.78136 | V15: 547.21514 | W15: 545.82074 | X15: 555.98659 | Y15: 561.88886
B16: growth | C16: =100*((1+Households!C11/100)/(1+'Price inflation'!C10/100)-1) -> 6.5145666 | D16: =100*((1+Households!D11/100)/(1+'Price inflation'!D10/100)-1) -> 2.1529019 | E16: =100*((1+Households!E11/100)/(1+'Price inflation'!E10/100)-1) -> -0.88689231 | F16: =100*((1+Households!F11/100)/(1+'Price inflation'!F10/100)-1) -> -1.4473021 | G16: =100*((1+Households!G11/100)/(1+'Price inflation'!G10/100)-1) -> -1.0783502 | H16: =100*((1+Households!H11/100)/(1+'Price inflation'!H10/100)-1) -> 3.1745171 | I16: =100*((1+Households!I11/100)/(1+'Price inflation'!I10/100)-1) -> 2.9227088 | J16: =100*((1+Households!J11/100)/(1+'Price inflation'!J10/100)-1) -> 9.7275941 | ... Y16: =100*((1+Households!Y11/100)/(1+'Price inflation'!Y10/100)-1) -> 0.7908627
B18: Wage base, current prices (bn €) | C18: 19.781126 | D18: 19.459195 | E18: 19.858008 | F18: 20.680125 | G18: 21.193772 | H18: 21.516815 | I18: 22.69903 | J18: 23.858285 | K18: 25.247461 | L18: 26.890545 | M18: 29.086947 | N18: 31.660152 | O18: 32.25029 | P18: 34.224415 | Q18: 37.475415 | R18: 41.170152 | S18: 43.774248 | T18: 46.45448 | U18: 48.484572 | V18: 50.631364 | W18: 52.755238 | X18: 54.937287 | Y18: 57.048525
B19: growth | C19: 10.856605 | D19: -1.6274649 | E19: 2.0494815 | F19: 4.1399762 | G19: 2.4837756 | H19: 1.5242313 | I19: 5.4943799 | J19: 5.1070669 | K19: 5.8226139 | L19: 6.5079194 | M19: 8.1679333 | N19: 8.8465975 | O19: 1.8639773 | P19: 6.1212631 | Q19: 9.4990662 | R19: 9.859096 | S19: 6.3252046 | T19: 6.1228507 | U19: 4.3700663 | V19: 4.4277853 | W19: 4.1947793 | X19: 4.1361751 | Y19: 3.8429951
B20: Compensation per employee, current prices (bn €) | C20: 12.769673 | D20: 13.098658 | E20: 13.82586 | F20: 14.114745 | G20: 14.46848 | H20: 14.8519 | I20: 15.134422 | J20: 15.669496 | K20: 16.019759 | L20: 16.857658 | M20: 17.854626 | N20: 19.052491 | O20: 19.779886 | P20: 21.153333 | Q20: 22.40377 | R20: 24.723436 | S20: 26.633133 | T20: 28.296877 | U20: 29.553228 | V20: 31.00679 | W20: 32.271775 | X20: 33.913262 | Y20: 35.391781
B21: growth | C21: 6.660924 | D21: 2.5762959 | E21: 5.5517285 | F21: 2.0894591 | G21: 2.5061374 | H21: 2.6500333 | I21: 1.9022622 | J21: 3.5354755 | K21: 2.2353178 | L21: 5.2304123 | M21: 5.9140338 | N21: 6.7089932 | O21: 3.8178439 | P21: 6.9436578 | Q21: 5.9112969 | R21: 10.353909 | S21: 7.7242379 | T21: 6.2468991 | U21: 4.4398898 | V21: 4.9184539 | W21: 4.0797042 | X21: 5.0864496 | Y21: 4.3597049
B23: Wage base, constant prices (bn €) | C23: 23.85695 | D23: 23.093726 | E23: 23.342219 | F23: 23.394159 | G23: 23.138743 | H23: 23.169611 | I23: 24.459528 | J23: 25.793489 | K23: 27.437877 | L23: 28.846094 | M23: 30.442909 | N23: 32.271985 | O23: 32.25029 | P23: 33.17593 | Q23: 32.211013 | R23: 32.013391 | S23: 33.12241 | T23: 33.801325 | U23: 34.03114 | V23: 34.53583 | W23: 34.475076 | X23: 35.104944 | Y23: 35.705825
B24: growth | C24: =100*((1+Households!C19/100)/(1+'Price inflation'!C10/100)-1) -> 5.9939922 | D24: =(D23/C23-1)*100 -> -3.1991661 | E24: =(E23/D23-1)*100 -> 1.0760195 | F24: =(F23/E23-1)*100 -> 0.22251279 | G24: =(G23/F23-1)*100 -> -1.0917919 | H24: =(H23/G23-1)*100 -> 0.13340369 | I24: =(I23/H23-1)*100 -> 5.5672803 | J24: =(J23/I23-1)*100 -> 5.4537463 | K24: =(K23/J23-1)*100 -> 6.3752082 | ... S24: =(S23/R23-1)*100 -> 3.4642333 | T24: =100*((1+Households!T19/100)/(1+'Price inflation'!T10/100)-1) -> 2.0497146 | U24: =100*((1+Households!U19/100)/(1+'Price inflation'!U10/100)-1) -> 0.67990094 | V24: =100*((1+Households!V19/100)/(1+'Price inflation'!V10/100)-1) -> 1.4830248 | W24: =100*((1+Households!W19/100)/(1+'Price inflation'!W10/100)-1) -> -0.17591642 | X24: =100*((1+Households!X19/100)/(1+'Price inflation'!X10/100)-1) -> 1.8270234 | Y24: =100*((1+Households!Y19/100)/(1+'Price inflation'!Y10/100)-1) -> 1.7116699
B25: Compensation per employee, constant prices (bn €) | C25: 15.400814 | D25: 15.545186 | E25: 16.251693 | F25: 15.967147 | G25: 15.796265 | H25: 15.992736 | I25: 16.308222 | J25: 16.940487 | K25: 17.409599 | L25: 18.08359 | M25: 18.686965 | N25: 19.420681 | O25: 19.779886 | P25: 20.505289 | Q25: 19.256574 | R25: 19.224632 | S25: 20.15234 | T25: 20.589445 | U25: 20.7433 | V25: 21.149839 | W25: 21.089316 | X25: 21.670585 | Y25: 22.15119
B26: growth | C26: =100*((1+Households!C21/100)/(1+'Price inflation'!C10/100)-1) -> 1.9823504 | D26: =(D25/C25-1)*100 -> 0.93743103 | E26: =(E25/D25-1)*100 -> 4.5448581 | F26: =(F25/E25-1)*100 -> -1.7508695 | G26: =(G25/F25-1)*100 -> -1.0702104 | H26: =(H25/G25-1)*100 -> 1.2437828 | I26: =(I25/H25-1)*100 -> 1.9726803 | J26: =(J25/I25-1)*100 -> 3.8769712 | K26: =(K25/J25-1)*100 -> 2.7691796 | ... S26: =(S25/R25-1)*100 -> 4.8256218 | T26: =100*((1+Households!T21/100)/(1+'Price inflation'!T10/100)-1) -> 2.1690018 | U26: =100*((1+Households!U21/100)/(1+'Price inflation'!U10/100)-1) -> 0.74725578 | V26: =100*((1+Households!V21/100)/(1+'Price inflation'!V10/100)-1) -> 1.959857 | W26: =100*((1+Households!W21/100)/(1+'Price inflation'!W10/100)-1) -> -0.28616447 | X26: =100*((1+Households!X21/100)/(1+'Price inflation'!X10/100)-1) -> 2.7562261 | Y26: =100*((1+Households!Y21/100)/(1+'Price inflation'!Y10/100)-1) -> 2.2177745
B28: Saving rate (% of disposable income) | C28: 8.4505236 | D28: 9.2941274 | E28: 10.228843 | F28: 8.9869232 | G28: 8.1814112 | H28: 7.4897761 | I28: 8.6029486 | J28: 9.6294149 | K28: 9.8402551 | L28: 7.4718929 | M28: 10.458353 | N28: 9.9227222 | O28: 11.675213 | P28: 11.283213 | Q28: 5.8830462 | R28: 7.664767 | S28: 8.0677381 | T28: 7.0700625 | U28: 6.5818642 | V28: 6.7645302 | W28: 6.159159 | X28: 6.5210026 | Y28: 6.7694019

Sheet Labor market
A1: ='Summary indicators'!A1:Q1 -> 76th meeting of the Macroeconomic Forecast Committee, September 15 2026
A2: Labor market
A3: percentual change unless otherwise noted
C5: 2008 | D5: 2009 | E5: 2010 | F5: 2011 | G5: 2012 | H5: 2013 | I5: 2014 | J5: 2015 | K5: 2016 | L5: 2017 | M5: 2018 | N5: 2019 | O5: 2020 | P5: 2021 | Q5: 2022 | R5: 2023 | S5: 2024 | T5: 2025 | U5: 2026 | V5: 2027 | W5: 2028 | X5: 2029 | Y5: 2030
C6: actual | D6: actual | E6: actual | F6: actual | G6: actual | H6: actual | I6: actual | J6: actual | K6: actual | L6: actual | M6: actual | N6: actual | O6: actual | P6: actual | Q6: actual | R6: actual | S6: actual | T6: actual | U6: forecast | V6: forecast | W6: forecast | X6: forecast | Y6: forecast
B8: Employment
B10: Employment (ESA), thousand persons | C10: 2247.139 | D10: 2203.158 | E10: 2169.822 | F10: 2208.313 | G10: 2209.432 | H10: 2192.251 | I10: 2223.149 | J10: 2267.097 | K10: 2321.049 | L10: 2372.256 | M10: 2419.902 | N10: 2445.19 | O10: 2399.07 | P10: 2385.118 | Q10: 2427.297 | R10: 2434.058 | S10: 2430.29 | T10: 2427.057 | U10: 2427.4434 | V10: 2428.6968 | W10: 2423.7082 | X10: 2420.3798 | Y10: 2416.7401
B11: growth | C11: 3.2233363 | D11: -1.9571998 | E11: -1.5131007 | F11: 1.7739243 | G11: 0.050672165 | H11: -0.77762067 | I11: 1.4094189 | J11: 1.9768356 | K11: 2.3797835 | L11: 2.2062007 | M11: 2.0084679 | N11: 1.045001 | O11: -1.886152 | P11: -0.58155869 | Q11: 1.768424 | R11: 0.27854029 | S11: -0.15480321 | T11: -0.13302939 | U11: 0.015920763 | V11: 0.051635804 | W11: -0.20540327 | X11: -0.13732897 | Y11: -0.15037705
B12: Private sector (ESA), thousand persons | C12: 1801.582 | D12: 1756.651 | E12: 1719.903 | F12: 1758.619 | G12: 1762.552 | H12: 1746.084 | I12: 1764.281 | J12: 1801.609 | K12: 1850.482 | L12: 1896.194 | M12: 1939.963 | N12: 1957.957 | O12: 1909.292 | P12: 1894.269 | Q12: 1926.907 | R12: 1931.205 | S12: 1921.002 | T12: 1909.808 | U12: 1907.5924 | V12: 1908.8445 | W12: 1905.3144 | X12: 1903.5136 | Y12: 1901.022
B13: growth | C13: 3.8532021 | D13: -2.4939747 | E13: -2.0919352 | F13: 2.2510572 | G13: 0.22364139 | H13: -0.93432704 | I13: 1.0421606 | J13: 2.1157627 | K13: 2.7127418 | L13: 2.4702753 | M13: 2.3082554 | N13: 0.92754346 | O13: -2.4854989 | P13: -0.78683617 | Q13: 1.7229865 | R13: 0.22305176 | S13: -0.52832299 | T13: -0.58271673 | U13: -0.11601135 | V13: 0.065638241 | W13: -0.18493563 | X13: -0.094516093 | Y13: -0.13089077
B14: Public sector (ESA), thousand persons | C14: 445.557 | D14: 446.507 | E14: 449.919 | F14: 449.694 | G14: 446.88 | H14: 446.167 | I14: 458.868 | J14: 465.488 | K14: 470.567 | L14: 476.062 | M14: 479.939 | N14: 487.233 | O14: 489.778 | P14: 490.849 | Q14: 500.39 | R14: 502.853 | S14: 509.288 | T14: 517.249 | U14: 519.851 | V14: 519.85232 | W14: 518.39383 | X14: 516.86621 | Y14: 515.71803
B15: growth | C15: 0.75255128 | D15: 0.21321627 | E15: 0.76415375 | F15: -0.050009002 | G15: -0.62575885 | H15: -0.15955066 | I15: 2.8466919 | J15: 1.4426807 | K15: 1.091113 | L15: 1.1677402 | M15: 0.81438972 | N15: 1.5197765 | O15: 0.52233736 | P15: 0.2186705 | Q15: 1.943775 | R15: 0.49221607 | S15: 1.279698 | T15: 1.5631627 | U15: 0.50304592 | V15: 0.00025388361 | W15: -0.28055836 | X15: -0.29468422 | Y15: -0.22214104
B17: Employment (LFS), thousand persons | C17: 2433.75 | D17: 2365.8 | E17: 2317.5 | F17: 2315.3133 | G17: 2328.9588 | H17: 2329.2473 | I17: 2363.0522 | J17: 2423.9977 | K17: 2492.118 | L17: 2530.6732 | M17: 2566.7335 | N17: 2583.6357 | O17: 2531.2703 | P17: 2560.562 | Q17: 2603.9257 | R17: 2609.961 | S17: 2620.769 | T17: 2610.6523 | U17: 2595.6893 | V17: 2584.2142 | W17: 2572.2347 | X17: 2563.7484 | Y17: 2554.9612
B18: growth | C18: 3.2442121 | D18: -2.7919877 | E18: -2.0415927 | F18: -0.094358145 | G18: 0.5893587 | H18: 0.01238751 | I18: 1.4513272 | J18: 2.5791008 | K18: 2.8102439 | L18: 1.5470877 | M18: 1.4249271 | N18: 0.65851207 | O18: -2.0268143 | P18: 1.1571957 | Q18: 1.6935247 | R18: 0.23177504 | S18: 0.4141058 | T18: -0.38602219 | U18: -0.57315161 | V18: -0.44208 | W18: -0.46356509 | X18: -0.329919 | Y18: -0.34274912
B19: Self-employed (LFS), thousand persons | C19: 339.6 | D19: 371.1 | E19: 370.375 | F19: 368.508 | G19: 360.12075 | H19: 362.19375 | I19: 363.77875 | J19: 367.40925 | K19: 384.43825 | L19: 385.53 | M19: 379.09775 | N19: 388.70925 | O19: 378.183 | P19: 383.17825 | Q19: 389.5725 | R19: 395.27052 | S19: 391.49725 | T19: 400.48978 | U19: 406.01599 | V19: 402.57923 | W19: 400.67025 | X19: 397.63906 | Y19: 395.61124
B20: growth | C20: 8.2562958 | D20: 9.2756184 | E20: -0.19536513 | F20: -0.5040837 | G20: -2.2760021 | H20: 0.57564025 | I20: 0.43761109 | J20: 0.99799672 | K20: 4.634886 | L20: 0.28398579 | M20: -1.6684175 | N20: 2.5353619 | O20: -2.7080009 | P20: 1.3208552 | Q20: 1.6687403 | R20: 1.4626337 | S20: -0.95460416 | T20: 2.2969574 | U20: 1.3798641 | V20: -0.84645944 | W20: -0.4741876 | X20: -0.75652964 | Y20: -0.50996527
B22: Employment (stat. evidence), thousand persons | C22: 2279.9823 | D22: 2176.6438 | E22: 2151.9298 | F22: 2192.5493 | G22: 2191.2503 | H22: 2176.0532 | I22: 2204.6455 | J22: 2251.6312 | K22: 2306.9682 | L22: 2348.9295 | M22: 2392.8057 | N22: 2416.0678 | O22: 2372.0425 | P22: 2355.107 | Q22: 2394.9012 | R22: 2399.193 | S22: 2393.605 | T22: 2389.6337 | U22: 2386.5215 | V22: 2387.8214 | W22: 2382.8021 | X22: 2379.4736 | Y22: 2375.8339
B23: growth | C23: 2.5768587 | D23: -4.5324256 | E23: -1.1354178 | F23: 1.8875849 | G23: -0.059246104 | H23: -0.69353101 | I23: 1.3139499 | J23: 2.1312157 | K23: 2.4576404 | L23: 1.8188915 | M23: 1.8679254 | N23: 0.97216416 | O23: -1.8221861 | P23: -0.71396276 | Q23: 1.6897003 | R23: 0.17920363 | S23: -0.23291165 | T23: -0.16591083 | U23: -0.13023781 | V23: 0.054465469 | W23: -0.21020319 | X23: -0.13968653 | Y23: -0.15296221
B25: Foreign workers, thousand persons | C25: 12.741583 | D25: 14.986462 | E25: 17.197583 | F25: 20.541333 | G25: 13.43775 | H25: 12.302833 | I25: 17.243583 | J25: 22.774583 | K25: 30.703667 | L25: 39.771384 | M25: 58.975583 | N25: 67.863979 | O25: 74.18825 | P25: 68.250667 | Q25: 79.658083 | R25: 96.761333 | S25: 108.08692 | T25: 129.41358 | U25: 150.11976 | V25: 166.13253 | W25: 177.9464 | X25: 186.38238 | Y25: 192.27298
B26: growth | D26: =(D25/C25-1)*100 -> 17.618518 | E26: =(E25/D25-1)*100 -> 14.754129 | F26: =(F25/E25-1)*100 -> 19.443139 | G26: =(G25/F25-1)*100 -> -34.5819 | H26: =(H25/G25-1)*100 -> -8.4457343 | I26: =(I25/H25-1)*100 -> 40.159448 | J26: =(J25/I25-1)*100 -> 32.0757 | K26: =(K25/J25-1)*100 -> 34.815492 | ... Y26: =(Y25/X25-1)*100 -> 3.1604938
B29: Population
B31: Labor force | C31: 1.5882603 | D31: -0.045518728 | E31: 0.61431798 | F31: -0.98128579 | G31: 0.98898614 | H31: 0.32502961 | I31: 0.24030082 | J31: 0.60499295 | K31: 0.72593328 | L31: -0.12529406 | M31: -0.30569156 | N31: -0.17678749 | O31: -1.0457324 | P31: 1.3071418 | Q31: 0.95187837 | R31: -0.089066525 | S31: -0.12218331 | T31: -0.29921729 | U31: -0.21527603 | V31: -0.42786353 | W31: -0.52598759 | X31: -0.57030393 | Y31: -0.46142574
B33: Participation rate (% of population aged 15+) | C33: 59.380199 | D33: 59.134905 | E33: 59.378534 | F33: 58.689306 | G33: 59.144292 | H33: 59.244128 | I33: 59.315905 | J33: 59.621587 | K33: 60.028605 | L33: 59.958547 | M33: 59.793063 | N33: 59.682588 | O33: 59.064202 | P33: 60.04699 | Q33: 60.858898 | R33: 60.83556 | S33: 60.710729 | T33: 60.463267 | U33: 60.333947 | V33: 60.129909 | W33: 59.865953 | X33: 59.577904 | Y33: 59.353294
B35: Participation rate (% of population aged 15-64) | C35: 69.408946 | D35: 69.255303 | E35: 69.690493 | F35: 69.039251 | G35: 69.833615 | H35: 70.316419 | I35: 70.81318 | J35: 71.638735 | K35: 72.67053 | L35: 73.174351 | M35: 73.560286 | N35: 74.020951 | O35: 73.830966 | P35: 75.536352 | Q35: 77.030186 | R35: 77.554811 | S35: 77.918716 | T35: 78.09069 | U35: 78.400919 | V35: 78.559757 | W35: 78.630537 | X35: 78.691925 | Y35: 78.797698
B38: Unemployment
B40: Unemployment (LFS), thousand persons | C40: 257.45 | D40: 324.175 | E40: 389 | F40: 364.62825 | G40: 377.487 | H40: 385.99525 | I40: 358.715 | J40: 314.236 | K40: 265.9935 | L40: 223.9825 | M40: 179.5015 | N40: 157.74425 | O40: 181.44225 | P40: 187.6095 | Q40: 170.405 | R40: 161.89875 | S40: 147.704 | T40: 149.537 | U40: 158.55797 | V40: 158.24857 | W40: 155.80307 | X40: 148.73126 | Y40: 145.0024
B41: growth | C41: -11.786877 | D41: 25.917654 | E41: 19.996915 | F41: -6.2652314 | G41: 3.526537 | H41: 2.2539187 | I41: -7.0675093 | J41: -12.399537 | K41: -15.352315 | L41: -15.793995 | M41: -19.859141 | N41: -12.120929 | O41: 15.023052 | P41: 3.3990154 | Q41: -9.1703778 | R41: -4.9917843 | S41: -8.7676712 | T41: 1.2409955 | U41: 6.0326004 | V41: -0.19513134 | W41: -1.5453529 | X41: -4.5389449 | Y41: -2.5071087
B43: Unemployment rate (LFS) | C43: 9.5663644 | D43: 12.051227 | E43: 14.372806 | F43: 13.605829 | G43: 13.947702 | H43: 14.215867 | I43: 13.179488 | J43: 11.475865 | K43: 9.6440445 | L43: 8.1310523 | M43: 6.536276 | N43: 5.7541913 | O43: 6.6885912 | P43: 6.8267028 | Q43: 6.142202 | R43: 5.8407988 | S43: 5.3352155 | T43: 5.4176358 | U43: 5.7568532 | V43: 5.7703088 | W43: 5.7111773 | X43: 5.4832211 | Y43: 5.3705318
B45: Registered unemployment rate (Office of labor, social affairs and family) | C45: 8.8329515 | D45: 12.839349 | E45: 14.17136 | F45: 14.591686 | G45: 15.020214 | H45: 15.377619 | I45: 14.294177 | J45: 13.14696 | K45: 11.079764 | L45: 8.3475889 | M45: 6.5961571 | N45: 6.1099853 | O45: 7.634068 | P45: 8.1149855 | Q45: 6.9547071 | R45: 6.2172601 | S45: 5.9858883 | T45: 5.9250358 | U45: 6.1984652 | V45: 6.2126617 | W45: 6.145941 | X45: 5.9091382 | Y45: 5.7907713
B47: Disposable unemployment rate (Office of labor, social affairs and family) | C47: 7.6495654 | D47: 11.436336 | E47: 12.478679 | F47: 13.155825 | G47: 13.585755 | H47: 14.107888 | I47: 12.789968 | J47: 11.502116 | K47: 9.4849735 | L47: 7.0622594 | M47: 5.4176551 | N47: 4.9975602 | O47: 6.778962 | P47: 7.4770774 | Q47: 6.3106321 | R47: 5.3012516 | S47: 5.0092893 | T47: 4.9866302 | U47: 5.2998436 | V47: 5.3119199 | W47: 5.2598945 | X47: 5.0428774 | Y47: 4.936255
B50: Average wage
B52: Nominal average wage (€) | C52: 723 | D52: 745 | E52: 769 | F52: 786 | G52: 806 | H52: 824 | I52: 858 | J52: 883 | K52: 912 | L52: 954 | M52: 1013 | N52: 1092 | O52: 1133 | P52: 1211 | Q52: 1304 | R52: 1430 | S52: 1524 | T52: 1620 | U52: 1693 | V52: 1767 | W52: 1845 | X52: 1924 | Y52: 2001
B53: growth | C53: 8.0717489 | D53: 3.0428769 | E53: 3.2214765 | F53: 2.2106632 | G53: 2.5445293 | H53: 2.2332506 | I53: 4.1262136 | J53: 2.9137529 | K53: 3.2842582 | L53: 4.6052632 | M53: 6.1844864 | N53: 7.798618 | O53: 3.7545788 | P53: 6.8843778 | Q53: 7.6796036 | R53: 9.6625767 | S53: 6.5734266 | T53: 6.2992126 | U53: 4.5061728 | V53: 4.3709392 | W53: 4.4142615 | X53: 4.2818428 | Y53: 4.002079
B54: Real average wage (€) | C54: 871.97132 | D54: =C54*(1+D55/100) -> 883.98667 | E54: =D54*(1+E55/100) -> 903.24183 | F54: =E54*(1+F55/100) -> 888.46309 | G54: =F54*(1+G55/100) -> 879.0296 | H54: =G54*(1+H55/100) -> 885.96474 | I54: =H54*(1+I55/100) -> 923.21251 | J54: =I54*(1+J55/100) -> 952.84421 | K54: =J54*(1+K55/100) -> 989.23424 | ... Y54: =X54*(1+Y55/100) -> 1251.201
B55: growth | C55: =100*((1+ROUND('Labor market'!C53,1)/100)/(1+ROUND('Price inflation'!C10,1)/100)-1) -> 3.3460803 | D55: =100*((1+ROUND('Labor market'!D53,1)/100)/(1+ROUND('Price inflation'!D10,1)/100)-1) -> 1.3779528 | E55: =100*((1+ROUND('Labor market'!E53,1)/100)/(1+ROUND('Price inflation'!E10,1)/100)-1) -> 2.1782178 | F55: =100*((1+ROUND('Labor market'!F53,1)/100)/(1+ROUND('Price inflation'!F10,1)/100)-1) -> -1.6361886 | G55: =100*((1+ROUND('Labor market'!G53,1)/100)/(1+ROUND('Price inflation'!G10,1)/100)-1) -> -1.0617761 | H55: =100*((1+ROUND('Labor market'!H53,1)/100)/(1+ROUND('Price inflation'!H10,1)/100)-1) -> 0.78895464 | I55: =100*((1+ROUND('Labor market'!I53,1)/100)/(1+ROUND('Price inflation'!I10,1)/100)-1) -> 4.2042042 | J55: =100*((1+ROUND('Labor market'!J53,1)/100)/(1+ROUND('Price inflation'!J10,1)/100)-1) -> 3.2096289 | ... T55: =100*((1+ROUND('Labor market'!T53,1)/100)/(1+ROUND('Price inflation'!T10,1)/100)-1) -> 2.2115385 | U55: =100*((1+('Labor market'!U53)/100)/(1+('Price inflation'!U10)/100)-1) -> 0.81119523 | V55: =100*((1+('Labor market'!V53)/100)/(1+('Price inflation'!V10)/100)-1) -> 1.4277817 | W55: =100*((1+('Labor market'!W53)/100)/(1+('Price inflation'!W10)/100)-1) -> 0.034358998 | X55: =100*((1+('Labor market'!X53)/100)/(1+('Price inflation'!X10)/100)-1) -> 1.969461 | Y55: =100*((1+('Labor market'!Y53)/100)/(1+('Price inflation'!Y10)/100)-1) -> 1.8674887
B57: Private sector wage (€) | C57: 725 | D57: 741 | E57: 767 | F57: 787 | G57: 804 | H57: 821 | I57: 853 | J57: 877 | K57: 900 | L57: 941 | M57: 998 | N57: 1061 | O57: 1084 | P57: 1157 | Q57: 1261 | R57: 1375 | S57: 1458 | T57: 1544 | U57: 1612 | V57: 1685 | W57: 1765 | X57: 1847 | Y57: 1924
B58: growth | C58: 7.7265973 | D58: 2.2068966 | E58: 3.5087719 | F58: 2.6075619 | G58: 2.1601017 | H58: 2.1144279 | I58: 3.8976857 | J58: 2.8135991 | K58: 2.622577 | L58: 4.5555556 | M58: 6.0573858 | N58: 6.3126253 | O58: 2.1677663 | P58: 6.7343173 | Q58: 8.988764 | R58: 9.0404441 | S58: 6.0363636 | T58: 5.8984911 | U58: 4.4041451 | V58: 4.528536 | W58: 4.7477745 | X58: 4.6458924 | Y58: 4.1689226
B59: Public sector wage (€) | C59: 716 | D59: 759 | E59: 779 | F59: 781 | G59: 810 | H59: 838 | I59: 877 | J59: 906 | K59: 957 | L59: 1005 | M59: 1072 | N59: 1216 | O59: 1320 | P59: 1409 | Q59: 1464 | R59: 1629 | S59: 1759 | T59: 1887 | U59: 1973 | V59: 2050 | W59: 2125 | X59: 2198 | Y59: 2273
B60: growth | C60: 9.6477795 | D60: 6.0055866 | E60: 2.6350461 | F60: 0.25673941 | G60: 3.7131882 | H60: 3.4567901 | I60: 4.6539379 | J60: 3.3067275 | K60: 5.6291391 | L60: 5.015674 | M60: 6.6666667 | N60: 13.432836 | O60: 8.5526316 | P60: 6.7424242 | Q60: 3.9034776 | R60: 11.270492 | S60: 7.980356 | T60: 7.2768619 | U60: 4.5574987 | V60: 3.9026863 | W60: 3.6585366 | X60: 3.4352941 | Y60: 3.4121929
B63: Supply side
B65: NAIRU estimate (LFS) | C65: ='Labor market'!C43-'Labor market'!C67 -> 12.416245 | D65: ='Labor market'!D43-'Labor market'!D67 -> 12.726448 | E65: ='Labor market'!E43-'Labor market'!E67 -> 13.128255 | F65: ='Labor market'!F43-'Labor market'!F67 -> 13.113334 | G65: ='Labor market'!G43-'Labor market'!G67 -> 12.922836 | H65: ='Labor market'!H43-'Labor market'!H67 -> 12.57099 | I65: ='Labor market'!I43-'Labor market'!I67 -> 11.918524 | J65: ='Labor market'!J43-'Labor market'!J67 -> 10.930358 | ... Y65: ='Labor market'!Y43-'Labor market'!Y67 -> 5.2492369
B67: Unemployment gap (ESA) | C67: -2.8498808 | D67: -0.67522096 | E67: 1.2445507 | F67: 0.49249444 | G67: 1.0248667 | H67: 1.644877 | I67: 1.2609648 | J67: 0.54550623 | K67: -0.19520652 | L67: -0.7461279 | M67: -1.4512853 | N67: -1.6315768 | O67: -0.49675048 | P67: -0.0047017309 | Q67: -0.29574605 | R67: -0.24434456 | S67: -0.53803464 | T67: -0.29545548 | U67: 0.17824761 | V67: 0.29065708 | W67: 0.32325315 | X67: 0.16763066 | Y67: 0.12129487
B69: Wage share (% of GDP) | C69: 28.853696 | D69: 30.378819 | E69: 28.894158 | F69: 28.870947 | G69: 28.746047 | H69: 28.826426 | I69: 29.64779 | J69: 29.683231 | K69: 30.932338 | L69: 31.650692 | M69: 32.220075 | N69: 33.48598 | O69: 34.192208 | P69: 33.589055 | Q69: 34.081027 | R69: 33.325713 | S69: 33.618833 | T69: 33.969298 | U69: 33.683378 | V69: 33.605853 | W69: 33.569075 | X69: 33.517433 | Y69: 33.473725
B71: Compensation share (% of GDP) | C71: 35.384455 | D71: 37.576818 | E71: 36.385834 | F71: 36.537231 | G71: 36.582875 | H71: 36.90179 | I71: 37.469695 | J71: 37.87564 | K71: 39.210538 | L71: 40.670828 | M71: 41.482901 | N71: 42.619371 | O71: 43.524644 | P71: 42.649147 | Q71: 42.488448 | R71: 41.781285 | S71: 42.550661 | T71: 43.093844 | U71: 43.036831 | V71: 43.236081 | W71: 43.056209 | X71: 43.359471 | Y71: 43.468253

Sheet Price inflation
A1: ='Summary indicators'!A1:Q1 -> 76th meeting of the Macroeconomic Forecast Committee, September 15 2026
A2: Price inflation
A3: percentual change unless otherwise noted
C5: 2008 | D5: 2009 | E5: 2010 | F5: 2011 | G5: 2012 | H5: 2013 | I5: 2014 | J5: 2015 | K5: 2016 | L5: 2017 | M5: 2018 | N5: 2019 | O5: 2020 | P5: 2021 | Q5: 2022 | R5: 2023 | S5: 2024 | T5: 2025 | U5: 2026 | V5: 2027 | W5: 2028 | X5: 2029 | Y5: 2030
C6: actual | D6: actual | E6: actual | F6: actual | G6: actual | H6: actual | I6: actual | J6: actual | K6: actual | L6: actual | M6: actual | N6: actual | O6: actual | P6: actual | Q6: actual | R6: actual | S6: actual | T6: actual | U6: forecast | V6: forecast | W6: forecast | X6: forecast | Y6: forecast
B8: Consumer inflation
B10: Consumer inflation (CPI) | C10: 4.5876307 | D10: 1.6236444 | E10: 0.96309893 | F10: 3.9087659 | G10: 3.6150362 | H10: 1.3889747 | I10: -0.069055864 | J10: -0.32875014 | K10: -0.51947655 | L10: 1.3083863 | M10: 2.4942252 | N10: 2.6775098 | O10: 1.9325023 | P10: 3.1603781 | Q10: 12.779234 | R10: 10.537267 | S10: 2.7651791 | T10: 3.9913253 | U10: 3.6652453 | V10: 2.9017272 | W10: 4.3783981 | X10: 2.2677199 | Y10: 2.0954578
A11: * | B11: Regulated prices | C11: 4.4711629 | D11: 4.2016215 | E11: -0.49220796 | F11: 7.009448 | G11: 6.3089693 | H11: 0.80300655 | I11: -0.89491196 | J11: -1.588697 | K11: -1.1862344 | L11: -1.8882149 | M11: 1.302508 | N11: 3.9175606 | O11: 3.2515617 | P11: -0.70421866 | Q11: 13.278166 | R11: 8.5992996 | S11: 1.4120813 | T11: 3.9794607 | U11: 8.909093 | V11: 1.5515997 | W11: 10.282335 | X11: -1.5099614 | Y11: -0.34597852
B12: Core inflation | C12: 4.6040101 | D12: 0.46895996 | E12: 1.1836456 | F12: 2.3158062 | G12: 2.7446193 | H12: 1.4906231 | I12: 0.15796125 | J12: 0.0043293524 | K12: 0.06606261 | L12: 2.0285316 | M12: 2.7462989 | N12: 2.3774858 | O12: 1.6681412 | P12: 3.6095794 | Q12: 12.506108 | R12: 11.324397 | S12: 2.5775215 | T12: 3.1502238 | U12: 2.2044347 | V12: 3.2393581 | W12: 3.2460114 | X12: 2.9016438 | Y12: 2.5150007
A13: * | B13: Food prices | C13: 8.0206548 | D13: -3.6335803 | E13: 1.7127219 | F13: 5.3185674 | G13: 3.7483907 | H13: 3.7364051 | I13: -0.7340185 | J13: -0.39685294 | K13: -0.8269091 | L13: 4.2318063 | M13: 4.2411207 | N13: 4.3568222 | O13: 2.782021 | P13: 1.8831708 | Q13: 19.262743 | R13: 17.543238 | S13: 2.5011372 | T13: 3.7561367 | U13: -0.92357051 | V13: 4.4409821 | W13: 2.4385639 | X13: 2.2304203 | Y13: 1.9440042
B14: Net inflation | C14: 3.8213325 | D14: 1.4250572 | E14: 0.87692418 | F14: 1.526609 | G14: 2.526037 | H14: 0.96614758 | I14: 0.36037587 | J14: 0.12439183 | K14: 0.26928279 | L14: 1.3934581 | M14: 2.359319 | N14: 1.9025804 | O14: 1.385412 | P14: 4.0379699 | Q14: 10.536968 | R14: 9.3666249 | S14: 2.6068203 | T14: 2.9933359 | U14: 3.2027623 | V14: 2.8628995 | W14: 3.4721523 | X14: 3.0878809 | Y14: 2.6722526
A15: * | B15: Fuel prices | C15: 6.6319292 | D15: -16.253336 | E15: 11.478089 | F15: 15.46325 | G15: 5.6732004 | H15: -3.4902456 | I15: -2.7573926 | J15: -12.730784 | K15: -7.1492975 | L15: 7.6026696 | M15: 7.332141 | N15: -1.6915727 | O15: -11.57668 | P15: 17.236432 | Q15: 25.945857 | R15: -6.7167634 | S15: -1.5583899 | T15: -2.9297716 | U15: 8.941943 | V15: -2.5631705 | W15: 3.454488 | X15: 3.0137445 | Y15: 0.31196258
A16: * | B16: Prices of tradables | C16: 0.47292771 | D16: -1.6083418 | E16: -1.4109817 | F16: -0.2897591 | G16: 2.060897 | H16: 0.95155495 | I16: 0.16729815 | J16: 0.4421393 | K16: 0.11670987 | L16: 0.5571208 | M16: 1.3391797 | N16: 1.4030793 | O16: 1.5446786 | P16: 2.4020692 | Q16: 7.6011813 | R16: 8.1285405 | S16: 3.3339978 | T16: 2.7885314 | U16: 2.3508751 | V16: 2.2880878 | W16: 2.9491125 | X16: 2.4425759 | Y16: 2.0818834
A17: * | B17: Prices of market services | C17: 7.3581704 | D17: 6.8770072 | E17: 2.303084 | F17: 2.235123 | G17: 2.7311331 | H17: 1.4061911 | I17: 0.83383043 | J17: 0.79049689 | K17: 0.95144929 | L17: 1.8579999 | M17: 3.0004715 | N17: 2.8658794 | O17: 2.6443239 | P17: 0.2922934 | Q17: 12.790965 | R17: 10.270957 | S17: 4.0407502 | T17: 5.5109462 | U17: 4.3655265 | V17: 4.1444857 | W17: 3.9414753 | X17: 3.6809453 | Y17: 3.3948535
B19: Consumer inflation (HICP) | C19: 3.9361763 | D19: 0.9255325 | E19: 0.69464783 | F19: 4.0809649 | G19: 3.7419332 | H19: 1.4638294 | I19: -0.10204336 | J19: -0.34381384 | K19: -0.48166667 | L19: 1.390866 | M19: 2.5329732 | N19: 2.7716472 | O19: 2.0142487 | P19: 2.819585 | Q19: 12.141846 | R19: 10.985965 | S19: 3.1398393 | T19: 4.2411186 | U19: 3.6644235 | V19: 2.8183213 | W19: 4.6066418 | X19: 2.3434206 | Y19: 2.1856093
B21: Pensioner inflation | C21: 4.4 | D21: 1.3 | E21: 0.9 | F21: 4.2727847 | G21: 3.7293096 | H21: 1.4254439 | I21: 0.028779739 | J21: -0.19180972 | K21: -0.67742865 | L21: 1.2093068 | M21: 2.537877 | N21: 3.0810105 | O21: 2.1656794 | P21: 2.9372679 | Q21: 13.902789 | R21: 10.854931 | S21: 2.2356316 | T21: 3.5445006 | U21: 3.683087 | V21: 2.9203861 | W21: 4.597384 | X21: 1.8791768 | Y21: 1.7976664
B23: Low-income inflation (April (t) / April (t-1)) | F23: 4.1217502 | G23: 3.7758831 | H23: 1.7605634 | I23: -0.28835063 | J23: -0.1735107 | K23: -0.6373117 | L23: 0.69970845 | M23: 2.7214823 | N23: 2.5366404 | O23: 2.1990104 | P23: 1.5255514 | Q23: 11.7 | R23: 14.7 | S23: 1.9 | T23: 3.7 | U23: 3.9 | V23: 3.1910983 | W23: 4.0554748 | X23: 2.5920982 | Y23: 2.2201582
B26: Price deflators
B28: GDP deflator | C28: 2.9853625 | D28: -1.1225724 | E28: 0.47052855 | F28: 1.6197705 | G28: 1.3388824 | H28: 0.53406187 | I28: -0.13260252 | J28: -0.18569283 | K28: -0.39090934 | L28: 1.1818726 | M28: 2.1086484 | N28: 2.4012078 | O28: 2.4077796 | P28: 2.2440841 | Q28: 7.3338746 | R28: 10.02459 | S28: 3.3936972 | T28: 4.1867444 | U28: 4.4613832 | V28: 2.8046892 | W28: 2.6946655 | X28: 2.1855509 | Y28: 1.8802923
B30: Private consumption deflator | C30: 4.4154733 | D30: 0.040920606 | E30: 0.95665795 | F30: 3.8234672 | G30: 3.3955783 | H30: 1.2852156 | I30: -0.099613035 | J30: -0.13131078 | K30: -0.30338451 | L30: 1.0704528 | M30: 1.8798764 | N30: 2.3094193 | O30: 2.15241 | P30: 3.2005536 | Q30: 11.533226 | R30: 10.051223 | S30: 2.9646904 | T30: 4.1756829 | U30: 3.7126897 | V30: 2.844939 | W30: 3.6074352 | X30: 2.1968543 | Y30: 1.8219664
B32: Public consumption deflator | C32: 4.5099178 | D32: 0.53732344 | E32: 0.86759798 | F32: 2.008507 | G32: 1.8750457 | H32: 1.0855661 | I32: 0.30795086 | J32: 0.6931541 | K32: 1.2775579 | L32: 3.1925451 | M32: 4.2394347 | N32: 5.5510524 | O32: 6.508035 | P32: 3.8851334 | Q32: 11.493094 | R32: 10.21653 | S32: 5.3189438 | T32: 5.3092006 | U32: 4.0353414 | V32: 3.4260722 | W32: 3.4669328 | X32: 3.6058169 | Y32: 3.1816235
B34: Fixed investment deflator | C34: 2.5350277 | D34: -1.9474683 | E34: -0.15966313 | F34: 0.90861879 | G34: 0.7205846 | H34: 0.53554494 | I34: -0.28808125 | J34: -0.0047700211 | K34: -0.37164623 | L34: 2.1747939 | M34: 3.1053016 | N34: 1.3126966 | O34: 0.73015878 | P34: 1.8750987 | Q34: 10.509131 | R34: 9.0521665 | S34: 0.16800666 | T34: 3.3117612 | U34: 1.9796429 | V34: 2.6607679 | W34: 2.3101494 | X34: 2.3684257 | Y34: 2.418549
B36: Export of goods and services deflator | C36: 1.3315376 | D36: -5.1510922 | E36: 2.8916706 | F36: 3.9471733 | G36: 1.2374452 | H36: -1.8469147 | I36: -3.3136389 | J36: -1.382818 | K36: -1.4696537 | L36: 2.2181959 | M36: 1.7843082 | N36: -0.025612419 | O36: -2.221947 | P36: 5.1044961 | Q36: 14.620479 | R36: 4.4624826 | S36: -1.5473212 | T36: 0.54570825 | U36: 1.7640297 | V36: 2.0982642 | W36: 1.9700829 | X36: 2.3250228 | Y36: 2.3167534
B38: Import of goods and services deflator | C38: 3.0173403 | D38: -4.0613122 | E38: 3.7454897 | F38: 5.3556717 | G38: 2.5077038 | H38: -1.4008926 | I38: -3.3642064 | J38: -1.1166575 | K38: -1.086174 | L38: 2.7792641 | M38: 2.3858006 | N38: 0.21780103 | O38: -1.8685908 | P38: 6.0328632 | Q38: 19.286813 | R38: 4.2009097 | S38: -2.0363699 | T38: 0.69952603 | U38: 0.63704525 | V38: 2.0188021 | W38: 2.5147424 | X38: 2.5941719 | Y38: 2.6273937
B40: Terms of trade (goods and services) | C40: -1.6364261 | D40: -1.135913 | E40: -0.82299395 | F40: -1.3368985 | G40: -1.2391835 | H40: -0.45235917 | I40: 0.05232796 | J40: -0.26916619 | K40: -0.38769069 | L40: -0.54589631 | M40: -0.58747643 | N40: -0.24288445 | O40: -0.36008473 | P40: -0.87554659 | Q40: -3.9118606 | R40: 0.25102752 | S40: 0.49921452 | T40: -0.15274927 | U40: 1.1198505 | V40: 0.077889664 | W40: -0.53129879 | X40: -0.26234344 | Y40: -0.3026876
A43: * | B43: Aktuálna váha jednotlivých zložiek na indexe spotrebiteľských cien (CPI)
B45: Regulované ceny | C45: 0.17396396
B46: Ceny potravín | C46: 0.16561514
B47: Ceny palív | C47: 0.032555669
B48: Obchodovateľné tovary | C48: 0.33255469
B49: Trhové služby | C49: 0.29531053

Sheet Balance of payments
A1: ='Summary indicators'!A1:Q1 -> 76th meeting of the Macroeconomic Forecast Committee, September 15 2026
A2: Balance of payments
A3: percentual change unless otherwise noted
C5: 2008 | D5: 2009 | E5: 2010 | F5: 2011 | G5: 2012 | H5: 2013 | I5: 2014 | J5: 2015 | K5: 2016 | L5: 2017 | M5: 2018 | N5: 2019 | O5: 2020 | P5: 2021 | Q5: 2022 | R5: 2023 | S5: 2024 | T5: 2025 | U5: 2026 | V5: 2027 | W5: 2028 | X5: 2029 | Y5: 2030
C6: actual | D6: actual | E6: actual | F6: actual | G6: actual | H6: actual | I6: actual | J6: actual | K6: actual | L6: actual | M6: actual | N6: actual | O6: actual | P6: actual | Q6: actual | R6: actual | S6: actual | T6: actual | U6: forecast | V6: forecast | W6: forecast | X6: forecast | Y6: forecast
B8: Balance of goods (% of GDP) | C8: -1.77651 | D8: 0.3620121 | E8: -0.11624748 | F8: -0.050163161 | G8: 3.3987017 | H8: 3.9357331 | I8: 3.291536 | J8: 0.75060512 | K8: 1.3728004 | L8: 0.063559024 | M8: -0.2095803 | N8: -1.5992633 | O8: -0.25579442 | P8: -1.4351122 | Q8: -6.574411 | R8: 0.69844289 | S8: -0.80552566 | T8: -0.1861151 | U8: 0.31377676 | V8: 0.98121906 | W8: 1.0709829 | X8: 1.1704118 | Y8: 1.2129239
B10: Balance of services (% of GDP) | C10: -0.49449463 | D10: -1.4097091 | E10: -0.94771374 | F10: -0.3763612 | G10: 0.57155935 | H10: 0.64823906 | I10: 0.22957774 | J10: 0.15913327 | K10: 0.5226474 | L10: 1.2265796 | M10: 1.2330769 | N10: 1.4626239 | O10: 1.2640001 | P10: 0.85701448 | Q10: 0.5587686 | R10: 0.76199698 | S10: 0.4908318 | T10: 0.24466153 | U10: 0.29513156 | V10: 0.40393453 | W10: 0.41816329 | X10: 0.43281195 | Y10: 0.440615
B12: Balance of primary income (% of GDP) | C12: -2.8418634 | D12: -0.87598816 | E12: -2.7444376 | F12: -3.3582679 | G12: -1.6409097 | H12: -0.55168505 | I12: -1.0284534 | J12: -2.440088 | K12: -2.4281496 | L12: -1.8275851 | M12: -1.3133756 | N12: -2.2817442 | O12: -0.72404461 | P12: -3.2164713 | Q12: -2.868687 | R12: -3.9153432 | S12: -3.5394349 | T12: -2.8213714 | U12: -1.6523077 | V12: -1.7794588 | W12: -1.7462536 | X12: -1.7181708 | Y12: -1.6803425
B14: Balance of secondary income (% of GDP) | C14: -1.1040516 | D14: -1.5219952 | E14: -0.82369708 | F14: -1.0972592 | G14: -1.4020333 | H14: -1.0970942 | I14: -0.75408531 | J14: -0.53236763 | K14: -0.92181436 | L14: -1.1971565 | M14: -1.3430934 | N14: -1.1085839 | O14: -0.73898018 | P14: -1.0389404 | Q14: -0.74522053 | R14: -0.56935536 | S14: -0.77013824 | T14: -0.88715995 | U14: -0.54106834 | V14: -0.67761535 | W14: -0.68186597 | X14: -0.68886064 | Y14: -0.68483443
B16: Current account balance (% of GDP) | C16: -6.2169197 | D16: -3.4456804 | E16: -4.6320959 | F16: -4.8820515 | G16: 0.92731812 | H16: 2.9351928 | I16: 1.7385751 | J16: -2.0627172 | K16: -1.4545162 | L16: -1.734603 | M16: -1.6329724 | N16: -3.5269675 | O16: -0.45481911 | P16: -4.8335093 | Q16: -9.6295498 | R16: -3.0242587 | S16: -4.624267 | T16: -3.6499849 | U16: -1.5844677 | V16: -1.0719205 | W16: -0.93897339 | X16: -0.80380761 | Y16: -0.71163808

Sheet Non-standard macrobases
A1: ='Summary indicators'!A1:Q1 -> 76th meeting of the Macroeconomic Forecast Committee, September 15 2026
A2: Non-standard macrobases
A3: bn € unless otherwise noted
B5: Base | D5: Tax | E5: 2008 | F5: 2009 | G5: 2010 | H5: 2011 | I5: 2012 | J5: 2013 | K5: 2014 | L5: 2015 | M5: 2016 | N5: 2017 | O5: 2018 | P5: 2019 | Q5: 2020 | R5: 2021 | S5: 2022 | T5: 2023 | U5: 2024 | V5: 2025 | W5: 2026 | X5: 2027 | Y5: 2028 | Z5: 2029 | AA5: 2030
E6: actual | F6: actual | G6: actual | H6: actual | I6: actual | J6: actual | K6: actual | L6: actual | M6: actual | N6: actual | O6: actual | P6: actual | Q6: actual | R6: actual | S6: actual | T6: actual | U6: actual | V6: actual | W6: forecast | X6: forecast | Y6: forecast | Z6: forecast | AA6: forecast
B8: Import of goods, current prices | D8: International trade | E8: 49950.719 | F8: 38417.746 | G8: 48038.232 | H8: 55000.121 | I8: 57681.854 | J8: 59115.743 | K8: 59281.902 | L8: 63870.543 | M8: 65664.421 | N8: 70106.669 | O8: 75262.289 | P8: 76982.112 | Q8: 70268.702 | R8: 83863.754 | S8: 103643.11 | T8: 99810.632 | U8: 99468.142 | V8: 103883.9 | W8: 107607.49 | X8: 113483.35 | Y8: 119351.03 | Z8: 125347.02 | AA8: 131487.76
B10: GDP (t-2), constant prices | D10: Real estate | E10: 64963.478 | F10: 71991.636 | G10: 75852.819 | H10: 71676.865 | I10: 76544.141 | J10: 78505.527 | K10: 79737.413 | L10: 80298.225 | M10: 82472.662 | N10: 86742.172 | O10: 88431.752 | P10: 90973.929 | Q10: 94669.399 | R10: 96823.979 | S10: 94320.583 | T10: 99655.222 | U10: 100197.94 | V10: 102314.75 | W10: 104298.3 | X10: 105140.43 | Y10: 105940.22 | Z10: 107861.07 | AA10: 109556.55
B12: GDP without compensation, current prices | D12: CIT | E12: 44298.25 | F12: 39985.257 | G12: 43719.931 | H12: 45458.085 | I12: 46755.929 | J12: 47098.189 | K12: 47874.64 | L12: 49933.266 | M12: 49617.315 | N12: 50406.284 | O12: 52826.809 | P12: 54251.941 | Q12: 53267.885 | R12: 58435.684 | S12: 63239.563 | T12: 71922.642 | U12: 74803.36 | V12: 77821.622 | W12: 81993.997 | X12: 85521.848 | Y12: 89489.604 | Z12: 92837.57 | AA12: 96345.797
B14: Net operating surplus, current prices | D14: CIT | E14: 12464.31 | F14: 8955.5068 | G14: 12290.287 | H14: 13245.722 | I14: 14383.347 | J14: 13924.68 | K14: 14381.6 | L14: 15796.636 | M14: 14493.502 | N14: 13939.886 | O14: 13887.214 | P14: 13154.927 | Q14: 12134.098 | R14: 13520.362 | S14: 11662.539 | T14: 21315.693 | U14: 21130.858 | V14: 21174.197 | W14: 23179.199 | X14: 23946.581 | Y14: 24702.877 | Z14: 25023.756 | AA14: 25984.989
B16: Adjusted households' consumption, current prices | D16: VAT | E16: 36996.112 | F16: 37004.756 | G16: 37833.258 | H16: 38578.481 | I16: 40113.717 | J16: 39960.461 | K16: 40637.881 | L16: 41901.202 | M16: 43296.391 | N16: 46439.745 | O16: 49239.615 | P16: 51811.626 | Q16: 53280.308 | R16: 56637.432 | S16: 66224.715 | T16: 70572.801 | U16: 75366.812 | V16: 78795.701 | W16: 82203.151 | X16: 85719.052 | Y16: 89290.175 | Z16: 92154.613 | AA16: 95038.118
B18: GG intermediate consumption - VAT payers | E18: 223.427 | F18: 255.691 | G18: 389.954 | H18: 568.022 | I18: 568.084 | J18: 604.219 | K18: 712.244 | L18: 669.435 | M18: 607.101 | N18: 792.968 | O18: 779.36 | P18: 824.499 | Q18: 776.542 | R18: 772.747 | S18: 904.812 | T18: 914.33 | U18: 988.884 | V18: 1056.916 | W18: 1139.4024 | X18: 994.33974 | Y18: 1028.6842 | Z18: 1052.7397 | AA18: 1102.6062
B20: GG intermediate consumption - VAT non-payers | D20: VAT | E20: =1000*'General government'!C15-'Non-standard macrobases'!E18 -> 3122.857 | F20: =1000*'General government'!D15-'Non-standard macrobases'!F18 -> 3644.591 | G20: =1000*'General government'!E15-'Non-standard macrobases'!G18 -> 3681.915 | H20: =1000*'General government'!F15-'Non-standard macrobases'!H18 -> 3637.26 | I20: =1000*'General government'!G15-'Non-standard macrobases'!I18 -> 3725.256 | J20: =1000*'General government'!H15-'Non-standard macrobases'!J18 -> 3697.646 | K20: =1000*'General government'!I15-'Non-standard macrobases'!K18 -> 3678.884 | L20: =1000*'General government'!J15-'Non-standard macrobases'!L18 -> 4061.484 | ... AA20: =1000*'General government'!Y15-'Non-standard macrobases'!AA18 -> 7685.7677
B22: GG GFCF - VAT payers | E22: 523.952 | F22: 526.357 | G22: 333.826 | H22: 683.009 | I22: 604.901 | J22: 770.557 | K22: 1178.964 | L22: 1847.622 | M22: 865.303 | N22: 775.048 | O22: 1011.359 | P22: 824.697 | Q22: 857.37 | R22: 931.004 | S22: 928.915 | T22: 1563.862 | U22: 1276.45 | V22: 1299.239 | W22: 1485.2443 | X22: 1127.8453 | Y22: 1142.4611 | Z22: 1231.1001 | AA22: 1388.9805
B24: GG GFCF - VAT non-payers | D24: VAT | E24: =1000*'General government'!C12-'Non-standard macrobases'!E22 -> 1850.143 | F24: =1000*'General government'!D12-'Non-standard macrobases'!F22 -> 2013.974 | G24: =1000*'General government'!E12-'Non-standard macrobases'!G22 -> 2179.382 | H24: =1000*'General government'!F12-'Non-standard macrobases'!H22 -> 2004.903 | I24: =1000*'General government'!G12-'Non-standard macrobases'!I22 -> 1806.456 | J24: =1000*'General government'!H12-'Non-standard macrobases'!J22 -> 1761.895 | K24: =1000*'General government'!I12-'Non-standard macrobases'!K22 -> 1978.841 | L24: =1000*'General government'!J12-'Non-standard macrobases'!L22 -> 3340.862 | ... AA24: =1000*'General government'!Y12-'Non-standard macrobases'!AA22 -> 6219.4347
B26: Emission allowance EU ETS (€/ton) | N26: 6.5257173 | O26: 18.769582 | P26: 27.578773 | Q26: 26.817491 | R26: 56.32142 | S26: 91.939333 | T26: 93.236055 | U26: 68.774019 | V26: 75.588762 | W26: 79.627614 | X26: 84.2275 | Y26: 87.325833 | Z26: 90.619167 | AA26: 94.08

Sheet Semiannual data
A1: ='Summary indicators'!A1:Q1 -> 76th meeting of the Macroeconomic Forecast Committee, September 15 2026
A2: Semiannual data
A3: percentual change unless otherwise noted
C5: 2021 | D5: 2021 | E5: 2021 | F5: 2021 | G5: 2022 | H5: 2022 | I5: 2022 | J5: 2022 | K5: 2023 | L5: 2023 | M5: 2023 | N5: 2023 | O5: 2024 | P5: 2024 | Q5: 2024 | R5: 2024 | S5: 2025 | T5: 2025 | U5: 2025 | V5: 2025 | W5: 2026 | X5: 2026 | Y5: 2026 | Z5: 2026 | AA5: 2027 | AB5: 2027 | AC5: 2027 | AD5: 2027 | AE5: 2028 | AF5: 2028 | AG5: 2028 | AH5: 2028 | AI5: 2029 | AJ5: 2029 | AK5: 2029 | AL5: 2029 | AM5: 2030 | AN5: 2030 | AO5: 2030 | AP5: 2030
C6: Q1 | D6: Q2 | E6: Q3 | F6: Q4 | G6: Q1 | H6: Q2 | I6: Q3 | J6: Q4 | K6: Q1 | L6: Q2 | M6: Q3 | N6: Q4 | O6: Q1 | P6: Q2 | Q6: Q3 | R6: Q4 | S6: Q1 | T6: Q2 | U6: Q3 | V6: Q4 | W6: Q1 | X6: Q2 | Y6: Q3 | Z6: Q4 | AA6: Q1 | AB6: Q2 | AC6: Q3 | AD6: Q4 | AE6: Q1 | AF6: Q2 | AG6: Q3 | AH6: Q4 | AI6: Q1 | AJ6: Q2 | AK6: Q3 | AL6: Q4 | AM6: Q1 | AN6: Q2 | AO6: Q3 | AP6: Q4
B8: Consumer inflation (CPI) | C8: 1 | D8: 2.2333333 | E8: 3.9 | F8: 5.5 | G8: 9.2666667 | H8: 12.533333 | I8: 13.933333 | J8: 15.233333 | K8: 15.133333 | L8: 12.166667 | M8: 8.9333333 | N8: 6.4 | O8: 3.2 | P8: 2.1333333 | Q8: 2.6666667 | R8: 3.0666667 | S8: 3.9 | T8: 4.0333333 | U8: 4.3 | V8: 3.7333333 | W8: 3.7333333 | X8: 3.7333333 | Y8: 3.3395031 | Z8: 3.8557786 | AA8: 3.3187135 | AB8: 3.3325274 | AC8: 2.7397758 | AD8: 2.2277357 | AE8: 4.3428266 | AF8: 4.4822038 | AG8: 4.4066304 | AH8: 4.2818061 | AI8: 2.5274284 | AJ8: 2.3119755 | AK8: 2.1693397 | AL8: 2.0640885 | AM8: 2.2372477 | AN8: 2.1498312 | AO8: 2.0323598 | AP8: 1.9627089
B9: half-year | C9: =AVERAGE(C8:D8) -> 1.6166667 | E9: =AVERAGE(E8:F8) -> 4.7 | G9: =AVERAGE(G8:H8) -> 10.9 | I9: =AVERAGE(I8:J8) -> 14.583333 | K9: =AVERAGE(K8:L8) -> 13.65 | M9: =AVERAGE(M8:N8) -> 7.6666667 | O9: =AVERAGE(O8:P8) -> 2.6666667 | Q9: =AVERAGE(Q8:R8) -> 2.8666667 | S9: =AVERAGE(S8:T8) -> 3.9666667 | U9: =AVERAGE(U8:V8) -> 4.0166667 | W9: =AVERAGE(W8:X8) -> 3.7333333 | Y9: =AVERAGE(Y8:Z8) -> 3.5976409 | AA9: =AVERAGE(AA8:AB8) -> 3.3256204 | AC9: =AVERAGE(AC8:AD8) -> 2.4837557 | AE9: =AVERAGE(AE8:AF8) -> 4.4125152 | AG9: =AVERAGE(AG8:AH8) -> 4.3442182 | AI9: =AVERAGE(AI8:AJ8) -> 2.419702 | AK9: =AVERAGE(AK8:AL8) -> 2.1167141 | AM9: =AVERAGE(AM8:AN8) -> 2.1935394 | AO9: =AVERAGE(AO8:AP8) -> 1.9975344
B11: Pensioner inflation | C11: 0.66111013 | D11: 1.9089302 | E11: 3.7670599 | F11: 5.4076054 | G11: 10.075069 | H11: 13.443629 | I11: 15.158707 | J11: 16.75814 | K11: 16.103128 | L11: 12.894539 | M11: 8.920689 | N11: 6.1010331 | O11: 2.6258262 | P11: 1.4227986 | Q11: 2.1619692 | R11: 2.7382433 | S11: 3.4524002 | T11: 3.6738406 | U11: 3.8994577 | V11: 3.1557951 | W11: 3.5666667 | X11: 3.6666667 | Y11: 3.3531816 | Z11: 4.1429934 | AA11: 3.5368988 | AB11: 3.348272 | AC11: 2.7450482 | AD11: 2.0677873 | AE11: 4.5646693 | AF11: 4.7065174 | AG11: 4.6244017 | AH11: 4.4938372 | AI11: 2.1398799 | AJ11: 1.9241063 | AK11: 1.7799022 | AL11: 1.6740976 | AM11: 1.9411381 | AN11: 1.8525445 | AO11: 1.7337648 | AP11: 1.6631191
B12: half-year | C12: =AVERAGE(C11:D11) -> 1.2850201 | E12: =AVERAGE(E11:F11) -> 4.5873326 | G12: =AVERAGE(G11:H11) -> 11.759349 | I12: =AVERAGE(I11:J11) -> 15.958424 | K12: =AVERAGE(K11:L11) -> 14.498833 | M12: =AVERAGE(M11:N11) -> 7.510861 | O12: =AVERAGE(O11:P11) -> 2.0243124 | Q12: =AVERAGE(Q11:R11) -> 2.4501062 | S12: =AVERAGE(S11:T11) -> 3.5631204 | U12: =AVERAGE(U11:V11) -> 3.5276264 | W12: =AVERAGE(W11:X11) -> 3.6166667 | Y12: =AVERAGE(Y11:Z11) -> 3.7480875 | AA12: =AVERAGE(AA11:AB11) -> 3.4425854 | AC12: =AVERAGE(AC11:AD11) -> 2.4064178 | AE12: =AVERAGE(AE11:AF11) -> 4.6355934 | AG12: =AVERAGE(AG11:AH11) -> 4.5591195 | AI12: =AVERAGE(AI11:AJ11) -> 2.0319931 | AK12: =AVERAGE(AK11:AL11) -> 1.7269999 | AM12: =AVERAGE(AM11:AN11) -> 1.8968413 | AO12: =AVERAGE(AO11:AP11) -> 1.698442
B14: Average nominal wage | C14: 3.4990792 | D14: 10.477941 | E14: 6.4690027 | F14: 6.9076305 | G14: 7.8291815 | H14: 7.4043261 | I14: 9.3670886 | J14: 6.5364388 | K14: 9.4884488 | L14: 9.9147947 | M14: 8.2561728 | N14: 10.648801 | O14: 9.042954 | P14: 7.1176885 | Q14: 5.7733428 | R14: 4.7163799 | S14: 4.9067035 | T14: 8.8157895 | U14: 5.7277628 | V14: 5.8429702 | W14: 6.1264822 | X14: 3.2043531 | Y14: 4.5333325 | Z14: 4.2047898 | AA14: 4.031033 | AB14: 4.0574688 | AC14: 4.5336874 | AD14: 4.8332567 | AE14: 3.7126917 | AF14: 4.1007769 | AG14: 4.585991 | AH14: 5.1625366 | AI14: 5.2257612 | AJ14: 4.603823 | AK14: 4.0383609 | AL14: 3.4700377 | AM14: 3.4037232 | AN14: 3.7534182 | AO14: 4.1643367 | AP14: 4.5723667
B15: half-year | C15: =AVERAGE(C14:D14) -> 6.9885102 | E15: =AVERAGE(E14:F14) -> 6.6883166 | G15: =AVERAGE(G14:H14) -> 7.6167538 | I15: =AVERAGE(I14:J14) -> 7.9517637 | K15: =AVERAGE(K14:L14) -> 9.7016218 | M15: =AVERAGE(M14:N14) -> 9.452487 | O15: =AVERAGE(O14:P14) -> 8.0803213 | Q15: =AVERAGE(Q14:R14) -> 5.2448613 | S15: =AVERAGE(S14:T14) -> 6.8612465 | U15: =AVERAGE(U14:V14) -> 5.7853665 | W15: =AVERAGE(W14:X14) -> 4.6654176 | Y15: =AVERAGE(Y14:Z14) -> 4.3690611 | AA15: =AVERAGE(AA14:AB14) -> 4.0442509 | AC15: =AVERAGE(AC14:AD14) -> 4.6834721 | AE15: =AVERAGE(AE14:AF14) -> 3.9067343 | AG15: =AVERAGE(AG14:AH14) -> 4.8742638 | AI15: =AVERAGE(AI14:AJ14) -> 4.9147921 | AK15: =AVERAGE(AK14:AL14) -> 3.7541993 | AM15: =AVERAGE(AM14:AN14) -> 3.5785707 | AO15: =AVERAGE(AO14:AP14) -> 4.3683517
B17: Average real wage | C17: =100*((1+'Semiannual data'!G14/100)/(1+'Semiannual data'!G8/100)-1) -> -1.3155752 | D17: =100*((1+'Semiannual data'!D14/100)/(1+'Semiannual data'!D8/100)-1) -> 8.0645007 | E17: =100*((1+'Semiannual data'!E14/100)/(1+'Semiannual data'!E8/100)-1) -> 2.4725724 | F17: =100*((1+'Semiannual data'!F14/100)/(1+'Semiannual data'!F8/100)-1) -> 1.3342469 | G17: =100*((1+'Semiannual data'!G14/100)/(1+'Semiannual data'!G8/100)-1) -> -1.3155752 | H17: =100*((1+'Semiannual data'!H14/100)/(1+'Semiannual data'!H8/100)-1) -> -4.5577671 | I17: =100*((1+'Semiannual data'!I14/100)/(1+'Semiannual data'!I8/100)-1) -> -4.0078216 | J17: =100*((1+'Semiannual data'!J14/100)/(1+'Semiannual data'!J8/100)-1) -> -7.5472038 | K17: =100*((1+'Semiannual data'!K14/100)/(1+'Semiannual data'!K8/100)-1) -> -4.9029107 | ... AP17: =100*((1+'Semiannual data'!AP14/100)/(1+'Semiannual data'!AP8/100)-1) -> 2.5594237
B18: half-year | C18: =AVERAGE(C17:D17) -> 3.3744627 | E18: =AVERAGE(E17:F17) -> 1.9034097 | G18: =AVERAGE(G17:H17) -> -2.9366711 | I18: =AVERAGE(I17:J17) -> -5.7775127 | K18: =AVERAGE(K17:L17) -> -3.4552615 | M18: =AVERAGE(M17:N17) -> 1.6858029 | O18: =AVERAGE(O17:P17) -> 5.2710102 | Q18: =AVERAGE(Q17:R17) -> 2.3133053 | S18: =AVERAGE(S17:T17) -> 2.782979 | U18: =AVERAGE(U17:V17) -> 1.7013059 | W18: =AVERAGE(W17:X17) -> 0.89853886 | Y18: =AVERAGE(Y17:Z17) -> 0.74565172 | AA18: =AVERAGE(AA17:AB17) -> 0.69550031 | AC18: =AVERAGE(AC17:AD17) -> 2.1474075 | AE18: =AVERAGE(AE17:AF17) -> -0.4844861 | AG18: =AVERAGE(AG17:AH17) -> 0.50817907 | AI18: =AVERAGE(AI17:AJ17) -> 2.4359367 | AK18: =AVERAGE(AK17:AL17) -> 1.6034264 | AM18: =AVERAGE(AM17:AN17) -> 1.3553939 | AO18: =AVERAGE(AO17:AP17) -> 2.3244671

Sheet Quarterly macrobases
A1: ='Summary indicators'!A1:Q1 -> 76th meeting of the Macroeconomic Forecast Committee, September 15 2026
A2: Quarterly macrobases
A3: percentual change unless otherwise noted
C5: 2021 | D5: 2021 | E5: 2021 | F5: 2021 | G5: 2022 | H5: 2022 | I5: 2022 | J5: 2022 | K5: 2023 | L5: 2023 | M5: 2023 | N5: 2023 | O5: 2024 | P5: 2024 | Q5: 2024 | R5: 2024 | S5: 2025 | T5: 2025 | U5: 2025 | V5: 2025 | W5: 2026 | X5: 2026 | Y5: 2026 | Z5: 2026 | AA5: 2027 | AB5: 2027 | AC5: 2027 | AD5: 2027 | AE5: 2028 | AF5: 2028 | AG5: 2028 | AH5: 2028 | AI5: 2029 | AJ5: 2029 | AK5: 2029 | AL5: 2029 | AM5: 2030 | AN5: 2030 | AO5: 2030 | AP5: 2030
C6: Q1 | D6: Q2 | E6: Q3 | F6: Q4 | G6: Q1 | H6: Q2 | I6: Q3 | J6: Q4 | K6: Q1 | L6: Q2 | M6: Q3 | N6: Q4 | O6: Q1 | P6: Q2 | Q6: Q3 | R6: Q4 | S6: Q1 | T6: Q2 | U6: Q3 | V6: Q4 | W6: Q1 | X6: Q2 | Y6: Q3 | Z6: Q4 | AA6: Q1 | AB6: Q2 | AC6: Q3 | AD6: Q4 | AE6: Q1 | AF6: Q2 | AG6: Q3 | AH6: Q4 | AI6: Q1 | AJ6: Q2 | AK6: Q3 | AL6: Q4 | AM6: Q1 | AN6: Q2 | AO6: Q3 | AP6: Q4
B8: GDP, current prices (bn €) | C8: 22.85317 | D8: 25.305933 | E8: 26.90465 | F8: 26.827816 | G8: 24.598771 | H8: 27.314414 | I8: 29.059239 | J8: 28.987333 | K8: 27.738049 | L8: 30.579168 | M8: 32.709751 | N8: 32.51173 | O8: 30.012908 | P8: 32.550094 | Q8: 33.762996 | R8: 33.881522 | S8: 30.911081 | T8: 34.243714 | U8: 35.72131 | V8: 35.878207 | W8: 32.997613 | X8: 35.957709 | Y8: 37.507885 | Z8: 37.478922 | AA8: 34.380031 | AB8: 37.475651 | AC8: 39.276771 | AD8: 39.529886 | AE8: 36.044021 | AF8: 39.07886 | AG8: 40.878567 | AH8: 41.152831 | AI8: 37.565503 | AJ8: 40.786064 | AK8: 42.65442 | AL8: 42.900622 | AM8: 38.92468 | AN8: 42.331378 | AO8: 44.395213 | AP8: 44.776502
B9: growth | C9: 3.0765178 | D9: 14.7256 | E9: 6.860994 | F9: 7.6796231 | G9: 7.638332 | H9: 7.9367989 | I9: 8.0082402 | J9: 8.0495445 | K9: 12.76193 | L9: 11.952495 | M9: 12.562311 | N9: 12.158404 | O9: 8.2012221 | P9: 6.4453225 | Q9: 3.2199725 | R9: 4.213224 | S9: 2.9926224 | T9: 5.2031186 | U9: 5.8001784 | V9: 5.8931384 | W9: 6.7501101 | X9: 5.0052836 | Y9: 5.0014251 | Z9: 4.4615243 | AA9: 4.1894484 | AB9: 4.2214637 | AC9: 4.7160395 | AD9: 5.4723129 | AE9: 4.839991 | AF9: 4.2780021 | AG9: 4.0782258 | AH9: 4.1056163 | AI9: 4.2211771 | AJ9: 4.3686131 | AK9: 4.3442152 | AL9: 4.2470736 | AM9: 3.6181508 | AN9: 3.7888289 | AO9: 4.0811557 | AP9: 4.372617
B10: GDP, constant prices (bn €) | C10: 22.62503 | D10: 24.957465 | E10: 26.148729 | F10: 25.923998 | G10: 23.026756 | H10: 24.982005 | I10: 26.211512 | J10: 25.977663 | K10: 23.229317 | L10: 25.54905 | M10: 26.903462 | N10: 26.632925 | O10: 23.949625 | P10: 26.084635 | Q10: 27.219914 | R10: 27.04413 | S10: 24.142271 | T10: 26.221606 | U10: 27.456194 | V10: 27.320357 | W10: 24.352563 | X10: 26.437806 | Y10: 27.717886 | Z10: 27.431962 | AA10: 24.58229 | AB10: 26.73781 | AC10: 28.237378 | AD10: 28.303591 | AE10: 25.086928 | AF10: 27.131766 | AG10: 28.61573 | AH10: 28.722124 | AI10: 25.538538 | AJ10: 27.691685 | AK10: 29.241659 | AL10: 29.348019 | AM10: 26.003623 | AN10: 28.231492 | AO10: 29.868674 | AP10: 30.019118
B11: growth | C11: 2.5514541 | D11: 12.652845 | E11: 3.9342476 | F11: 3.9236721 | G11: 1.7755822 | H11: 0.098327294 | I11: 0.24009962 | J11: 0.20700897 | K11: 0.87967667 | L11: 2.2698138 | M11: 2.6398706 | N11: 2.5224055 | O11: 3.1008574 | P11: 2.096301 | Q11: 1.1762501 | R11: 1.5439724 | S11: 0.80438003 | T11: 0.52510223 | U11: 0.86804095 | V11: 1.0213936 | W11: 0.8710531 | X11: 0.8245109 | Y11: 0.95312724 | Z11: 0.4085046 | AA11: 0.94333816 | AB11: 1.1347553 | AC11: 1.8742091 | AD11: 3.1774208 | AE11: 2.0528537 | AF11: 1.4734012 | AG11: 1.3398998 | AH11: 1.4787286 | AI11: 1.8001801 | AJ11: 2.0637045 | AK11: 2.1873587 | AL11: 2.1791398 | AM11: 1.8211099 | AN11: 1.9493463 | AO11: 2.144253 | AP11: 2.2866922
B12: Private consumption, current prices (bn €) | C12: 12.910384 | D12: 14.329231 | E12: 15.137956 | F12: 15.278472 | G12: 15.577774 | H12: 16.7156 | I12: 17.364103 | J12: 17.816463 | K12: 17.475523 | L12: 17.937046 | M12: 18.410255 | N12: 18.264911 | O12: 18.5213 | P12: 18.94271 | Q12: 19.522683 | R12: 19.842674 | S12: 19.377433 | T12: 20.049485 | U12: 20.42033 | V12: 20.378383 | W12: 20.290388 | X12: 20.974247 | Y12: 21.157549 | Z12: 21.218307 | AA12: 21.156255 | AB12: 21.831132 | AC12: 22.035421 | AD12: 22.193781 | AE12: 22.245787 | AF12: 22.732574 | AG12: 22.848907 | AH12: 23.022831 | AI12: 22.953551 | AJ12: 23.500397 | AK12: 23.596763 | AL12: 23.713869 | AM12: 23.586423 | AN12: 24.170547 | AO12: 24.355087 | AP12: 24.586402
B13: growth | C13: -3.9937416 | D13: 10.036404 | E13: 8.7287817 | F13: 10.610921 | G13: 20.660811 | H13: 16.653853 | I13: 14.70573 | J13: 16.61155 | K13: 12.182415 | L13: 7.307222 | M13: 6.0247972 | N13: 2.5170428 | O13: 5.9842386 | P13: 5.6066311 | Q13: 6.0424367 | R13: 8.6382189 | S13: 4.6224239 | T13: 5.842749 | U13: 4.5979694 | V13: 2.6997823 | W13: 4.7114342 | X13: 4.6123978 | Y13: 3.6102212 | Z13: 4.1216437 | AA13: 4.2673729 | AB13: 4.0854142 | AC13: 4.1492125 | AD13: 4.5973197 | AE13: 5.1499307 | AF13: 4.1291609 | AG13: 3.6917218 | AH13: 3.7355072 | AI13: 3.1815643 | AJ13: 3.3776317 | AK13: 3.2730483 | AL13: 3.0015344 | AM13: 2.7571871 | AN13: 2.8516543 | AO13: 3.2136795 | AP13: 3.6794216
B14: Private consumption, constant prices (bn €) | C14: 12.751416 | D14: 14.002619 | E14: 14.599125 | F14: 14.514799 | G14: 13.951263 | H14: 14.568343 | I14: 14.950377 | J14: 15.150552 | K14: 13.586159 | L14: 13.973965 | M14: 14.621493 | N14: 14.727286 | O14: 14.161797 | P14: 14.449006 | Q14: 14.99414 | R14: 15.300818 | S14: 14.203544 | T14: 14.712248 | U14: 15.031031 | V14: 15.097385 | W14: 14.328114 | X14: 14.793629 | Y14: 15.054415 | Z14: 15.177684 | AA14: 14.464997 | AB14: 14.944567 | AC14: 15.251892 | AD14: 15.518024 | AE14: 14.690528 | AF14: 15.003507 | AG14: 15.258176 | AH14: 15.551753 | AI14: 14.796399 | AJ14: 15.171337 | AK14: 15.43222 | AL14: 15.702645 | AM14: 14.909843 | AN14: 15.31579 | AO14: 15.651838 | AP14: 16.009463
B15: growth | C15: -4.3888803 | D15: 7.3974242 | E15: 4.5746187 | F15: 4.650256 | G15: 9.4095197 | H15: 4.0401299 | I15: 2.4059798 | J15: 4.3800331 | K15: -2.616996 | L15: -4.0799287 | M15: -2.1998375 | N15: -2.7937332 | O15: 4.2369444 | P15: 3.3994718 | Q15: 2.5486248 | R15: 3.8943496 | S15: 0.29478604 | T15: 1.8218693 | U15: 0.24603612 | V15: -1.3295564 | W15: 0.87703463 | X15: 0.55315136 | Y15: 0.15557251 | Z15: 0.53187426 | AA15: 0.95534529 | AB15: 1.020292 | AC15: 1.311751 | AD15: 2.2423708 | AE15: 1.5591492 | AF15: 0.3943879 | AG15: 0.041202183 | AH15: 0.21735171 | AI15: 0.72067779 | AJ15: 1.1186079 | AK15: 1.1406603 | AL15: 0.97026074 | AM15: 0.76670054 | AN15: 0.95213969 | AO15: 1.4231141 | AP15: 1.9539244
B16: Wage base, current prices (bn €) | C16: 7.8435552 | D16: 8.4875179 | E16: 8.3843715 | F16: 9.511925 | G16: 8.6473315 | H16: 9.3308277 | I16: 9.2900222 | J16: 10.221269 | K16: 9.5052864 | L16: 10.265279 | M16: 10.062713 | N16: 11.329561 | O16: 10.355686 | P16: 10.961752 | Q16: 10.620411 | R16: 11.826825 | S16: 10.846426 | T16: 11.93752 | U16: 11.196899 | V16: 12.48029 | W16: 11.484759 | X16: 12.29082 | Y16: 11.702349 | Z16: 13.000209 | AA16: 11.976621 | AB16: 12.769818 | AC16: 12.230172 | AD16: 13.649492 | AE16: 12.373936 | AF16: 13.242413 | AG16: 12.768521 | AH16: 14.368505 | AI16: 13.014135 | AJ16: 13.84152 | AK16: 13.260967 | AL16: 14.828779 | AM16: 13.402954 | AN16: 14.326619 | AO16: 13.804754 | AP16: 15.52076
B17: growth | C17: 0.70704895 | D17: 9.9273984 | E17: 6.6242957 | F17: 7.1370026 | G17: 10.247602 | H17: 9.9358824 | I17: 10.801653 | J17: 7.4574156 | K17: 9.921614 | L17: 10.014663 | M17: 8.3174275 | N17: 10.842998 | O17: 8.9465918 | P17: 6.7847487 | Q17: 5.5422198 | R17: 4.3890868 | S17: 4.7388477 | T17: 8.9015695 | U17: 5.4281131 | V17: 5.5252785 | W17: 5.8851982 | X17: 2.9595751 | Y17: 4.5141962 | Z17: 4.1659191 | AA17: 4.282737 | AB17: 3.8972005 | AC17: 4.5104083 | AD17: 4.9944084 | AE17: 3.3174179 | AF17: 3.7008761 | AG17: 4.4018047 | AH17: 5.2676875 | AI17: 5.1737672 | AJ17: 4.5241497 | AK17: 3.8567245 | AL17: 3.203357 | AM17: 2.98767 | AN17: 3.50467 | AO17: 4.1006579 | AP17: 4.6664703
B18: GDP without compensation, current prices (bn €) | C18: 12.788884 | D18: 14.581524 | E18: 16.300641 | F18: 14.764635 | G18: 13.767326 | H18: 15.843204 | I18: 17.489035 | J18: 16.139998 | K18: 15.851435 | L18: 17.880932 | M18: 20.07059 | N18: 18.119685 | O18: 16.985916 | P18: 18.835216 | Q18: 20.274811 | R18: 18.707417 | S18: 17.277305 | T18: 19.278515 | U18: 21.490014 | V18: 19.775788 | W18: 18.562026 | X18: 20.429137 | Y18: 22.452265 | Z18: 20.550569 | AA18: 19.074729 | AB18: 21.113019 | AC18: 23.540666 | AD18: 21.793435 | AE18: 20.298127 | AF18: 22.158535 | AG18: 24.49036 | AH18: 22.542582 | AI18: 20.855378 | AJ18: 22.951541 | AK18: 25.495415 | AL18: 23.535236 | AM18: 21.628438 | AN18: 23.788677 | AO18: 26.470106 | AP18: 24.458575
B19: growth | C19: 4.3113209 | D19: 19.341979 | E19: 7.0748888 | F19: 8.8377959 | G19: 7.6507223 | H19: 8.6525935 | I19: 7.290474 | J19: 9.3152523 | K19: 15.138081 | L19: 12.861843 | M19: 14.760992 | N19: 12.26572 | O19: 7.1569609 | P19: 5.3368807 | Q19: 1.0175137 | R19: 3.2436105 | S19: 1.7154742 | T19: 2.3535647 | U19: 5.9936588 | V19: 5.7109488 | W19: 7.4358877 | X19: 5.9684161 | Y19: 4.4776655 | Z19: 3.9178287 | AA19: 2.7621046 | AB19: 3.3475816 | AC19: 4.8476233 | AD19: 6.0478376 | AE19: 6.4137157 | AF19: 4.9519978 | AG19: 4.0342673 | AH19: 3.4374902 | AI19: 2.7453306 | AJ19: 3.5787828 | AK19: 4.1038804 | AL19: 4.4034625 | AM19: 3.7067645 | AN19: 3.6474075 | AO19: 3.823008 | AP19: 3.9232217
... B23: growth | C23: 24.6639 | D23: 49.836517 | E23: -1.3035875 | F23: -13.153039 | G23: -31.629355 | H23: -6.2309202 | I23: -4.233185 | J23: -21.507285 | K23: 84.173372 | L23: 64.062746 | M23: 63.297989 | N23: 165.13082 | O23: 17.400148 | P23: 3.5533621 | Q23: -5.5599638 | R23: -13.405531 | S23: -6.1193266 | T23: -5.706465 | U23: 8.3364921 | V23: 1.7139046 | W23: 16.214863 | X23: 7.6734001 | Y23: 4.4951548 | Z23: 13.943363 | AA23: -1.4349215 | AB23: 0.29799834 | AC23: 5.1695631 | AD23: 8.7981331 | AE23: 9.7990164 | AF23: 4.2628928 | AG23: 1.8239035 | AH23: -2.10309 | AI23: -3.132748 | AJ23: 0.23293901 | AK23: 2.8012631 | AL23: 4.6950739 | AM23: 6.5153775 | AN23: 3.7137261 | AO23: 3.1068766 | AP23: 2.6167447

Sheet Hárok1
